Workbook

Sheet GRUPO 1 OPERATORIA
F9: COTIZACION CO-25-DIFSA-DISAN-ARC-2026
A11: FECHA: | D11: Junio 27 de 2026
A12: EMPRESA: | D12: DENTAL NADER S.A.S
A13: REPRESENTANTE LEGAL: | D13: Ligia Garzon Bustos
A14: NIT: | D14: 900.486.577-8
A15: DIRECCION: | D15: Carrera 47 # 123 A -09
A16: TELEFONOS Y FAX: | D16: 6199095- Celular 318-5028699
A17: E-MAIL: | D17: licitaciones@dentalnader.com
A18: VIGENCIA COTIZACION: | D18: 60 dias
A20: Atendiendo su amable solicitud me permito presentar la cotizacion asi:
A23: “ESPECIFICACIONES TÉCNICAS MÍNIMAS DE OBLIGATORIO CUMPLIMIENTO PARA CONTRATAR”
B25: ITEM | C25: CODIGO SAP | D25: CODIGO | E25: DESCRIPCIÓN | F25: ESPECIFICACIÓN TÉCNICA | G25: PRESENTACIÓN | H25: OFERTA
H26: VALOR UNITARIO | I26: IVA | J26: VALOR TOTAL INCLUIDO IVA
B27: 1 | C27: 2500060 | D27: 42151669 | E27: ÁCIDO FOSFÓRICO AL 35% al 37% | F27: AGENTE GRABADOR PARA ESMALTE Y DENTINA. GEL FÁCILMENTE CONTROLABLE QUE FLUYE SEGÚN LA DIRECCIÓN DE LA APLICACIÓN, NO POR LA GRAVEDAD. CREA MICROPOROS EN LA SUPERFICIE DEL ESMALTE Y REMUEVE LA CAPA DE SARRO DENTINARIO DESBLOQUEANDO LOS TÚBULOS. ES VITAL PARA LA RETENCIÓN MECÁNICA DE LA RESTAURACIÓN. NO INTERFIERE CON LA ADHESIÓN GEL TIXOTRÓPICO | G27: JERINGA 12 GRAMOS | H27: 52000 | I27: 0 | J27: =+H27+I27 -> 52000
B28: 2 | C28: 2504362 | D28: 42152443 | E28: ADHESIVO RESINA COMPUESTA UNIVERSAL | F28: ADHESIVO UNIVERSAL FOTOPOLIMERIZABLE A BASE DE ETANOL O A BASE DE AGUA Y ETANOL. VISCOSIDAD ÓPTIMA. PARA LA ADHESIÓN INDIRECTA Y DIRECTA. PROPORCIONA ALTAS FUERZAS DE ADHESIÓN EN ESMALTE Y DENTINA Y MAYOR ESTABILIDAD FRENTE A LA HUMEDAD PROPORCIONADA. PARA ADHESIÓN QUÍMICA A ZIRCONIO, METAL, RESINA, CERÁMICA | G28: FRASCO 4 a 6 ml | H28: 230000 | I28: 0 | J28: =+H28+I28 -> 230000
B29: 3 | C29: 2501145 | D29: 42152424 | E29: CEMENTO IONOMERO DE VIDRIO CEMENTANTE | F29: POLIALQUENOATO DE VIDRIO CONVENCIONAL TIPO I RADIOPACO, PARTICULA GRANULADA DE CONSISTENCIA CREMOSA Y SUAVE, FACIL MEZCLA Y MANEJO, CON LIBERACIÓN DE FLUOR. SOLUBILIDAD INFERIOR AL 0,1 %, ADHESIÓN QUÍMICA, BIOCOMPATIBLE, MINIMO ESPESOR DE VCAPA, INDICADO PARA CEMENTAR INCRUSTACIONES INLAYS Y ONLAYS METÁLICOS, CORONAS Y PUENTES METAL-CERÁMICOS, BANDAS DE ORTODONCIA, QUE NO PERMITA LA FILTRACIÓN Y SEA RESISTENTYE A LA TRACCIÓN Y COMPRESIÓN. | G29: KIT (FCO POLVO X 15 GR. Y FCO LÍQUIDO ENTRE 6 ML) | H29: 200000 | I29: 0 | J29: =+H29+I29 -> 200000
B30: 4 | C30: 2502001 | D30: 42152424 | E30: CEMENTO IONOMERO DE VIDRIO LINER CAVITARIO | F30: LINER O FORRO CAVITARIO INDICACIONES RECUBRIMIENTO PULPAR INDIRECTO, LIBERACION SOSTENIDA DE FLUOR, BIOCOMPATIBLE NO REQUIERE PRETRATAMIENTO DE LA DENTINA, ALTA ADHERENCIA A LA DENTINA CON ACIDO POLIALQUENOICO PARA LA BAJA SENSIBILIDAD POST-OPERATORIA AYUDA A REDUCIR EFECTO DE CONTRACCION DE POLIMETIZACION FOTOCURADO DISPENSACION PASTA LIQUIDO | G30: CLICKER O DISPENSADOR 10 GR | H30: 500000 | I30: 0 | J30: =+H30+I30 -> 500000 | K30: SE AJUSTE EL VALOR
B31: 5 | C31: 2502001 | D31: 42152424 | E31: CEMENTO IONOMERO DE VIDRIO BASE INTERMEDIA Y RECONSTRUCTOR | F31: IONOMERO DE VIDRIO MODIFICADO CON RESINA MULTIPRPÓSITO. MÓDULO DE ELASTICIDAD SIMILAR A LA DENTINA LO QUE LO HACE EL SUSTITUTO DENTINAL IDEAL. TIPO II: DE TRIPLE CURADO MICROENCAPSULADO QUE PERMITE COLOCACION EN BLOQUE. INSOLUBILIDAD POR SU COPOLIMERO DE ACIDO POLICARBOXILICO MODIFICADO EN GRUPOS METACRILATOS, ALTA RESISTENCIA A LA FRACTURA , RADIOPACO | G31: FCO POLVO X 5 GR/ LIQUIDO 2.5 ML / PRIMER 2 ML | H31: 400000 | I31: 0 | J31: =+H31+I31 -> 400000
B32: 6 | C32: 2502001 | D32: 42152424 | E32: CEMENTO IONOMERO DE VIDRIO BASE INTERMEDIA Y RECONSTRUCTOR (A1, A2, A3) | F32: IONOMERO DE VIDRIO RESTAURADOR FOTOPOLIMERIZABLE MODIFICADO CON RESINA, CON NANORELLENO ADHESIVA, ACIDO POLIALQUENOICO MODIFICADO CON METACRILIADO, NANORELLENO DE 5NM A 25NM. MULTIPROPOSITO RECONSTRUCTOR, BASE INTERMEDIA, CARGA DE 69% RESISTENTE | G32: DISPENSADOR PASTA-PASTA CLICKER 12G | H32: 300000 | I32: 0 | J32: =+H32+I32 -> 300000
B33: 7 | C33: 2501631 | D33: 42151810 | E33: CEPILLOS PARA PULIR RESINAS | F33: CEPILLOS CON FIBRAS IMPREGNADAS DE CARBURO DE SILICIO PARA PULIR/BRILLAR RESTAURACIONES EN RESINA Y CERÁMICAS, PARA BAJA VELOCIDAD, PULIDO DE SUPERFICIES OCLUSALES, SUPERFICIES CERVICALES Y ZONAS INTERPROXIMALES. (COPA REGULAR, PUNTA) | G33: UNIDAD | H33: 21000 | I33: =+H33*0.19 -> 3990 | J33: =+H33+I33 -> 24990
B34: 8 | C34: 2503373 | D34: 13111037 | E34: IONOMERO DE VIDRIO RECONSTRUCTOR CONVENCIONAL | F34: IONÓMERO DE VIDRIO AUTOPOLIMERIZABLE, PARTIUCLA GRANULADA FACIL MEZCLA CON LIBERACIÓN DE FLÚOR, ADHESIÓN QUÍMICA, BIOCOMPATIBLE, RADIOOPACO, PARA RECONSTRUCCIÓN DE MUÑONES Y APLICACIONES RESTAURADORAS. TECNICA A.R.T | G34: POLVO 12,5 GRAMOS; LIQUIDO 8,5ML | H34: 240000 | I34: 0 | J34: =+H34+I34 -> 240000
B35: 9 | C35: 2502881 | D35: 42151807 | E35: PUNTAS SILICONADAS PARA PULIR RESINA | F35: PUNTAS PARA PULIR PARA PIEZA DE BAJA VELOCIDAD, CON PARTE ACTIVA DE DIFERENTES FORMAS (LLAMA PEQUEÑA, COPA, DISCO) Y TRES GRADOS DE ABRASIÓN (VERDE, AMARILLA, BLANCA) | G35: UNIDAD | H35: 10000 | I35: =+H35*0.19 -> 1900 | J35: =+H35+I35 -> 11900
B36: 10 | C36: 2505296 | D36: 13111037 | E36: RESINA UNIVERSAL VARIEDAD DE COLORES DIENTES CLAROS (A1, B1, B2, C1, D2) PARA ANTERIORES Y POSTERIORES | F36: RESTAURADOR UNIVERSAL DE NANOPARTICULA PARA DIENTES ANTERIORES Y POSTERIORES, RELLENO SILICE DE 20NM NO AGLOMERADO NO CONGLOMERADO,RELLENO DE CIRCONIO 4NM A 11NM NO AGLOMERADO NO CONGLOMERADO PESO 78,5% VOLUMEN 63,3% BAJA CONTRACCIÓN VOLUMÉTRICA 1,73% bis-GMA UDMA,TEGDMA, PEGDMA | G36: JERINGA X 4 GRS | H36: 50000 | I36: 0 | J36: =+H36+I36 -> 50000
B37: 11 | C37: 2505297 | D37: 13111037 | E37: RESINA UNIVERSAL VARIEDAD DE COLORES DIENTES NATURALES (A2, A3, C2, D3, D4) PARA ANTERIORES Y POSTERIORES | F37: RESTAURADOR UNIVERSAL DE NANOPARTICULA PARA DIENTES ANTERIORES Y POSTERIORES, RELLENO SILICE DE 20NM NO AGLOMERADO NO CONGLOMERADO,RELLENO DE CIRCONIO 4NM A 11NM NO AGLOMERADO NO CONGLOMERADO PESO 78,5% VOLUMEN 63,3% BAJA CONTRACCIÓN VOLUMÉTRICA 1,73% bis-GMA UDMA,TEGDMA, PEGDMA | G37: JERINGA X 4 GRS | H37: 50000 | I37: 0 | J37: =+H37+I37 -> 50000
B38: 12 | C38: 2505304 | D38: 13111037 | E38: RESINA UNIVERSAL VARIEDAD DE COLORES DIENTES OSCUROS (A3.5, A4, B3, C3, C4) PARA ANTERIORES Y POSTERIORES | F38: RESTAURADOR UNIVERSAL DE NANOPARTICULA PARA DIENTES ANTERIORES Y POSTERIORES, RELLENO SILICE DE 20NM NO AGLOMERADO NO CONGLOMERADO,RELLENO DE CIRCONIO 4NM A 11NM NO AGLOMERADO NO CONGLOMERADO PESO 78,5% VOLUMEN 63,3% BAJA CONTRACCIÓN VOLUMÉTRICA 1,73% bis-GMA UDMA,TEGDMA, PEGDMA | G38: JERINGA X 4 GRS | H38: 50000 | I38: 0 | J38: =+H38+I38 -> 50000
B39: 13 | C39: 2505296 | D39: 13111037 | E39: RESINA A1 | F39: RESINA DE FOTOCURADO DE ZIRCONIO/SILICE PARTICULAS NANOHIBRIDAS O NANORELLENO CON TAMAÑO DE PARTICULAS ENTRE 0.04 nm A 700 nm, RESISTENCIA AL DESGASTE SIMILAR AL ESMALTE. CONTRACCION ENTRE 1,2% HASTA 2.0 % CON AGLOMERACIÓN DE NANOPARTICULAS DE ZIRCONIO. FUERZA COMPRESIVA SUPERIOR A 360 MPa. CARGA DE RELLENO ENTRE 60% HASTA 68% DE VOLUMEN | G39: JERINGA X 3GRS O 4 GRS | H39: 95000 | I39: 0 | J39: =+H39+I39 -> 95000
B40: 14 | C40: 2505297 | D40: 13111037 | E40: RESINA A2 | F40: RESINA DE FOTOCURADO DE ZIRCONIO/SILICE PARTICULAS NANOHIBRIDAS O NANORELLENO CON TAMAÑO DE PARTICULAS ENTRE 0.04 nm A 700 nm, RESISTENCIA AL DESGASTE SIMILAR AL ESMALTE. CONTRACCION ENTRE 1,2% HASTA 2.0 % CON AGLOMERACIÓN DE NANOPARTICULAS DE ZIRCONIO. FUERZA COMPRESIVA SUPERIOR A 360 MPa. CARGA DE RELLENO ENTRE 60% HASTA 68% DE VOLUMEN | G40: JERINGA X 3GRS O 4 GRS | H40: 95000 | I40: 0 | J40: =+H40+I40 -> 95000
B41: 15 | C41: 2505298 | D41: 13111037 | E41: RESINA A3 | F41: RESINA DE FOTOCURADO DE ZIRCONIO/SILICE PARTICULAS NANOHIBRIDAS O NANORELLENO CON TAMAÑO DE PARTICULAS ENTRE 0.04 nm A 700 nm, RESISTENCIA AL DESGASTE SIMILAR AL ESMALTE. CONTRACCION ENTRE 1,2% HASTA 2.0 % CON AGLOMERACIÓN DE NANOPARTICULAS DE ZIRCONIO. FUERZA COMPRESIVA SUPERIOR A 360 MPa. CARGA DE RELLENO ENTRE 60% HASTA 68% DE VOLUMEN | G41: JERINGA X 3GRS O 4 GRS | H41: 95000 | I41: 0 | J41: =+H41+I41 -> 95000
B42: 16 | C42: 2504644 | D42: 13111037 | E42: RESINA PARA POSTERIORES COLOR A2 | F42: RESINA PARA POSTERIORES DE RELLENO EN BLOQUE EXCELENTE FUERZA Y DESGASTE BAJO, ESTRÉS MINIMO LO CUAL PROPORCIONA UNA PROFUNDIDAD DE POLIMERIZACIÓN DE 5MM EXCELENTE RETENCIÓN DEL PULIDO, TAMBIEN IDEAL PARA RESTAURACIONES EN ANTERIORES, CON COMBINACIÓN DE SILICE NO AGLOMERADO/NO AGREGADO DE 20NM, ZIRCONIA AGLOMERADA NO AGREGADA DE 4 A 11NM. RELLENO DE TRIFLORURO DE ITERBIO. AUDMA - AFM PESO DE 76.5% 58.4% VOLUMEN | G42: JERINGA X 4 GRS | H42: 240000 | I42: 0 | J42: =+H42+I42 -> 240000
B43: 17 | C43: 2504644 | D43: 13111037 | E43: RESINA PARA POSTERIORES COLOR A3 | F43: RESINA PARA POSTERIORES DE RELLENO EN BLOQUE, EXCELENTE FUERZA Y DESGASTE BAJO, ESTRÉS MINIMO LO CUAL PROPORCIONA UNA PROFUNDIDAD DE POLIMERIZACIÓN DE 5MM, EXCELENTE RETENCIÓN DEL PULIDO, TAMBIEN IDEAL PARA RESTAURACIONES EN ANTERIORES, CON COMBINACIÓN DE SILICE NO AGLOMERADO/NO AGREGADO DE 20NM, ZIRCONIA AGLOMERADA NO AGREGADA DE 4 A 11NM. RELLENO DE TRIFLORURO DE ITERBIO. AUDMA - AFM PESO DE 76.5% 58.4% VOLUMEN | G43: JERINGA X 4 GRS | H43: 240000 | I43: 0 | J43: =+H43+I43 -> 240000
B44: 18 | C44: 2500346 | D44: 13111037 | E44: RESINA JERINGA FLUIDA A 3 | F44: COMPOSITE FLUIDO FOTOPOLIMERIZABLE, RADIOPACO, DE BAJA VISCOSIDAD BASE DE METACRILATO O TRIFLUORURO DE ITERBIO CON, TAMAÑO DE PARTÍCULA PROMEDIO ENTRE 0,1 A 5 MICRONES, 20NM CON UNA DISTRIBUCIÓN DE PARTÍCULAS TIXOTRÓPICO, ENTRE 65% A 68% DE RELLENO PUEDE UTILIZARSE EN ANTERIORES, POSTERIORES | G44: JERINGA DE 1 A 3 GRS | H44: 140000 | I44: 0 | J44: =+H44+I44 -> 140000
B45: 19 | C45: 2503874 | D45: 13111037 | E45: RESINA JERINGA FLUIDA A2 | F45: COMPOSITE FLUIDO FOTOPOLIMERIZABLE, RADIOPACO, DE BAJA VISCOSIDAD BASE DE METACRILATO O TRIFLUORURO DE ITERBIO CON, TAMAÑO DE PARTÍCULA PROMEDIO ENTRE 0,1 A 5 MICRONES, 20NM CON UNA DISTRIBUCIÓN DE PARTÍCULAS TIXOTRÓPICO, ENTRE 65% A 68% DE RELLENO PUEDE UTILIZARSE EN ANTERIORES, POSTERIORES | G45: JERINGA DE 1 A 3 GRS | H45: 140000 | I45: 0 | J45: =+H45+I45 -> 140000
B46: 20 | C46: 2503874 | D46: 13111037 | E46: RESINA JERINGA FLUIDA PARA POSTERIORES | F46: RESINA FLUIDA DE BAJA VISCOCIDAD RESINA DE PROCRILATO RELLENO COMBINACIÓN DE TRICLORURO DE ITERBIO TAMAÑO DE PARTICULA 0,1 A 0,5 MICRONES ZIRCONIO/SILICE 64,5% PESO 42,5% POR VOLUMEN PROFUNDIDAD DE 4mm | G46: JERINGA DE 1 A 3 GRS | H46: 225000 | I46: 0 | J46: =+H46+I46 -> 225000
B47: 21 | C47: 2503874 | D47: 13111037 | E47: RESINA | F47: RESINA NANOHIBRIDA UNIVERSAL, DE FOTOCURADO PARA RESTAURACIONES DIRECTAS E INDIRECTAS, PARA DIENTES ANTERIORES Y POSTERIORES. TECNOLOGÍA DE BALANCE ENTRE LOS INDICES DE REFRACCION DE LA RESINA Y LAS PARTICULAS DE RELLENO DEL 70 AL 80% RELLENO DE PESO, TAMAÑO MEDIO DE PARTICULA DE 0,6 A 0,9UM, FUERZA DE COMPRESION DE 400 A 450MPA | G47: JERINGA DE 1 A 4 GRS | H47: 95000 | I47: 0 | J47: =+H47+I47 -> 95000
B48: 22 | C48: 2502102 | D48: 42152423 | E48: SELLANTES DE FOTOCURADO | F48: SELLANTE DE FOSETAS Y FISURAS TIXOTRÓPICO, RELLENO ENTRE 6% O 53%, RADIOPACO, CON BASE DE METACRILATO COLOR BLANCO CON BAJO TIEMPO DE FOTOPOLIMERIZACION BAJA VISCOSIDAD CON LIBERACIÓN DE FLÚOR Y ALTA ADHESIÓN AL ESMALTE. HIDROFÍLICO E HIDROFÓBICO. FLUORESCENTE | G48: JERINGA 1.2ML A 20.ML / FRASCO X 6 A 8 ML | H48: 68000 | I48: =+H48*0.19 -> 12920 | J48: =+H48+I48 -> 80920
B49: 23 | C49: 2501966 | D49: 42151614 | E49: FRESA DIAMANTE OPERATORIA DENTAL REDONDA | F49: FRESAS DE DIAMANTE PARA PIEZA DE MANO DE ALTA VELOCIDAD, DIAMANTES DISTRIBUIDOS UNIFORMEMENTE, FUERTEMENTE FIJADOS EN EL LECHO DE NÍQUEL, DE DESPRENDIMIENTO RETARDADO, DURACIÓN EXTENDIDA. ALTA EFICIENCIA DE DESGASTE, GARANTÍA DE CALIDAD SEGÚN ISO. GALVANIZADO, DE ACERO INOXIDABLE TEMPLADO: Fresa DE 19mm de largo de forma redonda desde grano grueso hasta grano extrafino con diámetro mayor desde 1mm a 2.3mm. | G49: UNIDAD | H49: 5000 | I49: =+H49*0.19 -> 950 | J49: =+H49+I49 -> 5950
B50: 24 | C50: 2501966 | D50: 42151614 | E50: FRESA DIAMANTE OPERATORIA DENTAL FLAMA | F50: FRESAS DE DIAMANTE PARA PIEZA DE MANO DE ALTA VELOCIDAD, DIAMANTES DISTRIBUIDOS UNIFORMEMENTE, FUERTEMENTE FIJADOS EN EL LECHO DE NÍQUEL, DE DESPRENDIMIENTO RETARDADO, DURACIÓN EXTENDIDA. ALTA EFICIENCIA DE DESGASTE, GARANTÍA DE CALIDAD SEGÚN ISO. GALVANIZADO, DE ACERO INOXIDABLE TEMPLADO: Fresa de 19mm de largo de forma flama en punta grano desde grueso hasta extrafino con diámetro mayor desde 1.0mm hasta 1.8mm. | G50: UNIDAD | H50: 5000 | I50: =+H50*0.19 -> 950 | J50: =+H50+I50 -> 5950
B51: 25 | C51: 2503002 | D51: 42151614 | E51: FRESA DIAMANTE OPERATORIA DENTAL PERA LARGA PUNTA REDONDA | F51: FRESAS DE DIAMANTE PARA PIEZA DE MANO DE ALTA VELOCIDAD, DIAMANTES DISTRIBUIDOS UNIFORMEMENTE, FUERTEMENTE FIJADOS EN EL LECHO DE NÍQUEL, DE DESPRENDIMIENTO RETARDADO, DURACIÓN EXTENDIDA. ALTA EFICIENCIA DE DESGASTE, GARANTÍA DE CALIDAD SEGÚN ISO. GALVANIZADO, DE ACERO INOXIDABLE TEMPLADO: Fresa de 19mm de largo de forma de pera larga punta redondeada desde grano grueso hasta grano extrafino desde 0.5 a 1.6 mm de diámetro mayor | G51: UNIDAD | H51: 5000 | I51: =+H51*0.19 -> 950 | J51: =+H51+I51 -> 5950
B52: 26 | C52: 2503052 | D52: 42151614 | E52: FRESA DIAMANTE OPERATORIA DENTAL PUNTO DE CONTACTO | F52: FRESAS DE DIAMANTE PARA PIEZA DE MANO DE ALTA VELOCIDAD, DIAMANTES DISTRIBUIDOS UNIFORMEMENTE, FUERTEMENTE FIJADOS EN EL LECHO DE NÍQUEL, DE DESPRENDIMIENTO RETARDADO, DURACIÓN EXTENDIDA. ALTA EFICIENCIA DE DESGASTE, GARANTÍA DE CALIDAD SEGÚN ISO. GALVANIZADO, DE ACERO INOXIDABLE TEMPLADO: Fresa de 19mm de largo de forma cónica puntiaguda delgada desde grano extrafino hasta grano medio desde 0.5mm hasta 1 mm de diámetro mayor | G52: UNIDAD | H52: 5000 | I52: =+H52*0.19 -> 950 | J52: =+H52+I52 -> 5950
B53: 27 | C53: 2503002 | D53: 42151614 | E53: FRESA DIAMANTE OPERATORIA DENTAL CONICA PUNTA REDONDA | F53: FRESAS DE DIAMANTE PARA PIEZA DE MANO DE ALTA VELOCIDAD, DIAMANTES DISTRIBUIDOS UNIFORMEMENTE, FUERTEMENTE FIJADOS EN EL LECHO DE NÍQUEL, DE DESPRENDIMIENTO RETARDADO, DURACIÓN EXTENDIDA. ALTA EFICIENCIA DE DESGASTE, GARANTÍA DE CALIDAD SEGÚN ISO. GALVANIZADO, DE ACERO INOXIDABLE TEMPLADO: Fresa de 19mm de largo de forma cónica larga punta redondeada desde grano grueso hasta grano extrafino de 1.0 mm a 1.8mm de diámetro mayor | G53: UNIDAD | H53: 5000 | I53: =+H53*0.19 -> 950 | J53: =+H53+I53 -> 5950
B54: 28 | C54: 2501177 | D54: 42151614 | E54: FRESA PARA PULIR RESINA LLAMA | F54: FRESAS DE DIAMANTE PARA PIEZA DE MANO DE ALTA VELOCIDAD, DIAMANTES DISTRIBUIDOS UNIFORMEMENTE, FUERTEMENTE FIJADOS EN EL LECHO DE NÍQUEL, DE DESPRENDIMIENTO RETARDADO, DURACIÓN EXTENDIDA. ALTA EFICIENCIA DE DESGASTE, GARANTÍA DE CALIDAD SEGÚN ISO. GALVANIZADO, DE ACERO INOXIDABLE TEMPLADO: Fresa de 19mm de largo de forma llama en punta grano extrafino desde 0.20 mm hasta 1.8 mm de diámetro mayor | G54: UNIDAD | H54: 5000 | I54: =+H54*0.19 -> 950 | J54: =+H54+I54 -> 5950
B55: 29 | C55: 2501178 | D55: 42151614 | E55: FRESA PARA PULIR RESINA CONICA PUNTA REDONDA | F55: FRESAS DE DIAMANTE PARA PIEZA DE MANO DE ALTA VELOCIDAD, DIAMANTES DISTRIBUIDOS UNIFORMEMENTE, FUERTEMENTE FIJADOS EN EL LECHO DE NÍQUEL, DE DESPRENDIMIENTO RETARDADO, DURACIÓN EXTENDIDA. ALTA EFICIENCIA DE DESGASTE, GARANTÍA DE CALIDAD SEGÚN ISO. GALVANIZADO, DE ACERO INOXIDABLE TEMPLADO. Fresa de 19mm de largo de forma llama en punta grano extrafino desde 0.20 mm hasta 1.8 mm de diámetro mayor | G55: UNIDAD | H55: 5000 | I55: =+H55*0.19 -> 950 | J55: =+H55+I55 -> 5950
B56: 30 | C56: 2501975 | D56: 42151614 | E56: FRESA TRANSMETALICAS | F56: FRESA PARA PIEZA DE ALTA VELOCIDAD, CÓNICA DENTADO ESPECIAL BORDE REDONDEADO PARA CORTE DE METALES. Cónica punta redondeada | G56: UNIDAD | H56: 38000 | I56: =+H56*0.19 -> 7220 | J56: =+H56+I56 -> 45220
B57: 31 | C57: 2501980 | D57: 42151614 | E57: FRESAS PIMPOLLO TUNGSTENO | F57: FRESA EN TUNGSTENO TALLO LARGO PARA PIEZA DE BAJA VELOCIDAD, LA PARTE ACTIVA VIENE CON DENTADO SIMPLE O CRUZADO, INDICADA PARA REALIZAR PROCEDIMIENTOS EN APARATOLOGÍA Y PRÓTESIS ACRÍLICAS, RESISTENTE A LA CORROSIÓN. EN FORMA DE PERA Y CONICA. | G57: UNIDAD | H57: 85000 | I57: =+H57*0.19 -> 16150 | J57: =+H57+I57 -> 101150
B58: 32 | C58: 2501961 | D58: 42151614 | E58: FRESA 169L PARA TALLA INTERPROXIMAL | F58: FRESA DE CARBURO (EN HOJAS) PARA PIEZA DE MANO DE ALTA VELOCIDAD, INDICADA PARA LA PREPARACIÓN DENTAL PARA COLOCACIÓN DE CORONAS DE ACERO, RESISTENTE A LA CORROSIÓN. | G58: UNIDAD | H58: 18000 | I58: =+H58*0.19 -> 3420 | J58: =+H58+I58 -> 21420
B59: 33 | C59: 2501961 | D59: 42151614 | E59: FRESA 170L PARA TALLA INTERPROXIMAL | F59: FRESA DE CARBURO (EN HOJAS) PARA PIEZA DE MANO DE ALTA VELOCIDAD, INDICADA PARA LA PREPARACIÓN DENTAL PARA COLOCACIÓN DE CORONAS DE ACERO, RESISTENTE A LA CORROSIÓN. | G59: UNIDAD | H59: 18000 | I59: =+H59*0.19 -> 3420 | J59: =+H59+I59 -> 21420
... B65: 39 | C65: 2502071 | D65: 42151613 | E65: PIEDRAS PULIR RESINA | F65: PIEDRAS BLANCAS ARKANSAS PARA PULIR RESINAS EN DIFERENTES FORMAS CILÍNDRICA LLAMA PARA PIEZA DE MANO DE ALTA VELOCIDAD | G65: UNIDAD | H65: 5000 | I65: =+H65*0.19 -> 950 | J65: =+H65+I65 -> 5950
B66: 40 | C66: 2501906 | D66: 42152457 | E66: CEMENTO PARA PROVISIONALES | F66: CEMENTO TEMPORAL SIN EUGENOL QUE NO INHIBE LA POLIMERIZACION DEL ACRILICO, DE FACIL REMOSION | G66: BASE X 30 A 56 GRS/CATALIZADOR X 13ML A 20 ML o 13 GR A 20GR | H66: 152000 | I66: 0 | J66: =+H66+I66 -> 152000
B67: 41 | C67: 2502110 | D67: 42151800 | E67: TIRAS DE MYLAR | F67: PELÍCULA DE POLICARBONATO COLOR TRANSPARENTE. NO TÓXICO. USO EN PROCEDIMIENTOS DENTALES DONDE SE REQUIERA LA FORMACIÓN DE MATRICES. | G67: SOBRE X 50 ó CAJA X 50 | H67: 3000 | I67: =+H67*0.19 -> 570 | J67: =+H67+I67 -> 3570
B68: 42 | C68: 2502113 | D68: 42151502 | E68: VASOS DAPEN | F68: RECIPIENTE DE VIDRIO DE BORDES ROMOS, PARA CONTENER DIVERSOS MATERIALES ABRASIVOS. | G68: UNIDAD | H68: 7000 | I68: =+H68*0.19 -> 1330 | J68: =+H68+I68 -> 8330
B69: 43 | C69: 2502115 | D69: 42152418 | E69: YESO PIEDRA TIPO III | F69: SULFATO DE CALCIO SEMIHIDRATADO, FRAGUADO RÁPIDO ACUERDO NORMA ADA (NO. 25). | G69: BOLSA X 1 LB | H69: 7500 | I69: =+H69*0.19 -> 1425 | J69: =+H69+I69 -> 8925
B70: 44 | C70: 2502116 | D70: 42152418 | E70: YESO TIPO IV EXTRADURO | F70: SULFATO DE CALCIO SEMIHIDRATADO, ALTA REPRODUCCIÓN, YESO DENTAL DE ALTA RESISTENCIA, MÍNIMA EXPANSIÓN DE FRAGUADO. | G70: BOLSA X 1LB | H70: 11000 | I70: =+H70*0.19 -> 2090 | J70: =+H70+I70 -> 13090
B71: 45 | C71: 2501904 | D71: 42151632 | E71: FOSFATO DE ZINC POLVO LIQUIDO | F71: CEMENTO DE FOSFATO DE ZINC TIPO 1 INDICADO PARA LA CEMENTACIÓN FINAL DE RESTAURACIONES TERMINADAS ASÍ COMO PARA BASE Y OBTURACIÓN TEMPORAL | G71: FRASCO LIQUIDO X 15 CC + POLVO X 32 GRAMOS | H71: 41000 | I71: 0 | J71: =+H71+I71 -> 41000
B72: 46 | C72: 2584581 | D72: 42152457 | E72: ACRILICO AUTOCURADO POLIMERO POLVO COLOR TRANSPARENTE | F72: POLÍMERO EN COLORES VITA, INDICADA PARA REPARAR Y ELABORAR DIENTES TEMPORALES, CORONAS Y PUENTES PROVISIONALES. | G72: FRASCO X 60 GRS | H72: 15000 | I72: =+H72*0.19 -> 2850 | J72: =+H72+I72 -> 17850
B73: 47 | C73: 2584582 | D73: 42152457 | E73: ACRILICO AUTOCURADO POLIMERO POLVO COLOR A3 | F73: POLÍMERO EN COLORES VITA, INDICADA PARA REPARAR Y ELABORAR DIENTES TEMPORALES, CORONAS Y PUENTES PROVISIONALES. | G73: FRASCO X 60 GRS | H73: 26000 | I73: =+H73*0.19 -> 4940 | J73: =+H73+I73 -> 30940
B74: 48 | C74: 2584582 | D74: 42152457 | E74: ACRILICO AUTOCURADO POLIMERO POLVO COLOR A2 | F74: POLÍMERO EN COLORES VITA, INDICADA PARA REPARAR Y ELABORAR DIENTES TEMPORALES, CORONAS Y PUENTES PROVISIONALES. | G74: FRASCO X 60 GRS | H74: 26000 | I74: =+H74*0.19 -> 4940 | J74: =+H74+I74 -> 30940
B75: 49 | C75: 2503088 | D75: 42152443 | E75: HIDROXIDO DE CALCIO EN JERINGA | F75: PASTA DE HIDROXIDO DE CALCIO AL 35% BLANCA, DE TEXTURA CREMOSA, EFECTO ANTIBACTERIANO. Ph DE 12,5, INOLORA, LIBRE DE GRUMOS Y PARTÍCULAS EXTRAÑAS, RADIOPACA. ESTIMULA FORMACIÓN DE DENTINA SECUNDARIA | G75: JERINGA X 1.2 ML A 2.0ML o 1.2GR a 2.0GR. | H75: 35000 | I75: =+H75*0.19 -> 6650 | J75: =+H75+I75 -> 41650
B76: 50 | C76: 2583804 | D76: 42151906 | E76: BARNIZ DE FLUOR | F76: BARNIZ DE FLUORURO DE SODIO AL 5% NO ACIDULADO, CON TRIFOSFATO DE CALCIO (LIBERA FLÚOR, FOSFATO CALCIO); CONTIENE XILITOL. PROPIEDAD DE MIGRAR A LA SUPERFICIE DENTAL, INCLUYENDO ESPACIOS DIFICILES DE ALCANZAR. REMINERALIZA EL ESMALTE DE LOS DIENTES. ES TOLERANTE A LA HUMEDAD Y A LA SALIVA Y SE ACTIVA CON ESTA. | G76: UNIDAD MONODOSIS | H76: =500000/100 -> 5000 | I76: =+H76*0.19 -> 950 | J76: =+H76+I76 -> 5950 | K76: SE AJUSTO EL VALOR
B77: 51 | C77: 2583804 | D77: 42151906 | E77: BARNIZ DE FLUOR | F77: BARNIZ DE FLUORURO DE SODIO A BASE DE AGUA AL 2,1% CON PH NEUTRO, FOSFATO DE CALCIO MONODOSIS 0,5 ML TRANSPARENTE RESULTADOS EN 15 MINUTOS. | G77: UNIDAD MONODOSIS | H77: =278000/50 -> 5560 | I77: =+H77*0.19 -> 1056.4 | J77: =+H77+I77 -> 6616.4 | K77: SE AJUSTO EL VALOR
B78: 52 | C78: 2503250 | D78: 42151906 | E78: FLUOR EN BARNIZ | F78: BARNIZ DE FLUORURO DE SODIO AL 5% QUE CONTIENE 22.600 PPM DE FLÚOR EN UNA BASE DE RESINA, USO PARA OBTURACION DE TUBULOS DENTINALES,TRATAMIENTO DE LA HIPERSENSIBILIDAD DENTINAL ( 1 ML CONTIENE 50 MG DE FLUORURO DE SODIO+ OTROS INGREDIENTES: COLOFONIA, ALCOHOL, GOMA LACA, MÁSTICA, SACARINA, AROMA, CERA BLANCA DE ABEJA), FACIL DE APLICAR SE ADHIERE FACIL EN PRESENCIA DE SALIVA. | G78: TUBO X 10 ml | H78: 98000 | I78: =+H78*0.19 -> 18620 | J78: =+H78+I78 -> 116620
I79: =+H79*0.19 -> 0 | J79: =+H79+I79 -> 0
B80: 53 | C80: 2501933 | D80: 42151805 | E80: DISCOS PULIDORES DE RESINA | F80: GRANO SURTIDOS (GRUESTO, MEDIO, FINO EXTRA FINO) PARA TERMINAR, PULIR Y BRILLAR RESINAS IMPREGANDOS CON ÓXIDO DE ALUMINIO,PAPEL , Y REFUERZO DE URETANO CURADO. | G80: CAJA X 120 | H80: 350000 | I80: =+H80*0.19 -> 66500 | J80: =+H80+I80 -> 416500
B81: 54 | C81: 2502071 | D81: 42151625 | E81: COPAS DE CAUCHO MANGO METALICO | F81: COPAS DE CAUCHO MANGO METALICO | G81: CAJA X 100 a 144 unidades | H81: 52000 | I81: =+H81*0.19 -> 9880 | J81: =+H81+I81 -> 61880
B82: 55 | D82: 42152412 | E82: HILO RETRACTOR | F82: FABRICADO CON ALGODÓN AL 100% Y TEJIDO CON MILES DE LAZOS DIMINUTOS FORMANDO LARGAS CADENAS ENTRELAZADAS. EXTREMOS DEL HILO QUE NO SE DESHILACHAN; LOS HILOS SON FÁCILES DE EMPACAR Y PERMANECEN EN EL SITIO DESEADO MUCHO MEJOR QUE EL HILO RETORCIDO O TRENZADO; EL TEJIDO DISEÑADO CONFIERE AL HILO UNA PARTICULAR CAPACIDAD DE ABSORCIÓN; SU MATERIAL ESPECIAL EJERCE UNA PRESIÓN ELÁSTICA SOBRE LA CRESTA GINGIVAL, SE COMPRIME AL SER EMPACADO Y POSTERIORMENTE SE EXPANDE PARA UNA RETRACCIÓN ÓPTIMA DE LOS TEJIDOS EN 1-3 MINUTOS. NO SE ENREDA EN LAS FRESAS DE DIAMANTE. LA REGLA IMPRESA EN LA ETIQUETA PERMITE MEDIR EL HILO CON FACILIDAD | G82: FRASCO X 244cm | H82: 85000 | I82: 0 | J82: =+H82+I82 -> 85000
B83: 56 | E83: PAPEL DE ARTICULAR | F83: PAPEL PARA REGISTRO DE CONTACTOS INTEROCLUSALES, DE DOS COLORES (ROJO, AZUL). | G83: CAJA X 10 a 15 CUADERNILLOS | H83: 31000 | I83: =+H83*0.19 -> 5890 | J83: =+H83+I83 -> 36890
B84: 57 | E84: PAPEL DE ARTICULAR | F84: PAPEL PARA REGISTRO DE CONTACTOS INTEROCLUSALES, DE DOS COLORES (ROJO, AZUL). grosor ENTRE 20 Y 22 micras. extrema delgadez, alta deformación plástica, capacidad para no distorsionar la mordida, Fabricado en película plástica, PELICULA DE DOBLE CARA EN COLOR NEGRO Y ROJO, tiras pre-cortada. | G84: CAJA X 280 tiras precortadas sueltas O CJA POR 5 CUADERNILLOS DE 50 TIRAS | H84: 82000 | I84: =+H84*0.19 -> 15580 | J84: =+H84+I84 -> 97580
G85: Total Cotizacion Grupo No. 1 | J85: =SUM(J27:J84) -> 5035971.4
B86: Cordialmente,
B90: Ligia Garzon Bustos
B91: Representante Legal
B92: Dental Nader S.A.S.
B93: Nit. 900.486.577-8

Sheet GRUPO 2  ENDODONCIA
A7: FECHA:
F8: COTIZACION CO-25-DIFSA-DISAN-ARC-2026
A10: FECHA: | D10: Junio 27 de 2026
A11: EMPRESA: | D11: DENTAL NADER S.A.S
A12: REPRESENTANTE LEGAL: | D12: Ligia Garzon Bustos
A13: NIT: | D13: 900.486.577-8
A14: DIRECCION: | D14: Carrera 47 # 123 A -09
A15: TELEFONOS Y FAX: | D15: 6199095- Celular 318-5028699
A16: E-MAIL: | D16: licitaciones@dentalnader.com
A17: VIGENCIA COTIZACION: | D17: 60 dias
A19: =+'GRUPO 1 OPERATORIA'!A20 -> Atendiendo su amable solicitud me permito presentar la cotizacion asi:
A22: “ESPECIFICACIONES TÉCNICAS MÍNIMAS DE OBLIGATORIO CUMPLIMIENTO PARA CONTRATAR”
B25: ITEM | C25: CODIGO SAP | D25: CODIGO | E25: DESCRIPCIÓN | F25: ESPECIFICACIÓN TÉCNICA | G25: PRESENTACIÓN | H25: OFERTA
H26: VALOR UNITARIO | I26: IVA | J26: VALOR TOTAL INCLUIDO IVA
B27: 1 | D27: 42151910 | E27: AGUA OXIGENADA | F27: PERÓXIDO DE HIDRÓGENO AL 30%, FRASCO PLÁSTICO, USO ODONTOLÓGICO | G27: FCO X 10 ML | H27: 18000 | I27: 0 | J27: =+H27+I27 -> 18000
B28: 2 | C28: 2500863 | D28: 42152430 | E28: AGUJA PARA IRRIGAR CONDUCTOS RADICULARES | F28: CAPILLARY TIPS: PUNTA MUY FINA, TOTALMENTE DE PLÁSTICO, DE 25 MM DE LONGITUD Ø 0,35 MM, PARA LA IRRIGACIÓN, LA APLICACIÓN, LA ASPIRACIÓN Y REBAJADO CON AIRE COMPRIMIDO, ÚTIL COMO ELEMENTO ESPACIADOR PARA POSTES RADICULARES AL REALIZAR RESTAURACIONES CON POSTES Y MUÑONES, YA QUE NO SE ADHIERE AL COMPOSITE. | G28: CAJA X 20 UNDS | H28: 26000 | I28: =+H28*0.19 -> 4940 | J28: =+H28+I28 -> 30940
B29: 3 | D29: 42152443 | E29: CEMENTO DE OBTURACION TEMPORAL SIN EUGENOL | F29: MATERIAL DE OBTURACIÓN POR ENDURECIMIENTO QUÍMICO, RADIO-OPACO, DE COLOR SIMILAR AL DIENTE, PARA OBTURACIÓN PROVISIONAL DE CAVIDADES DENTALES. COMPOSICIÓN: OXIDO DE ZINC, SULFATO DE ZINC-HIDRATO, SULFATO DE CALCIO-HEMIHIDRATO, TIERRA DE DIATOMEAS, RESINA EVA,FLUORURO, LIBRE DE EUGENOL. | G29: FRASCO POR 38 GRS | H29: 110000 | I29: 0 | J29: =+H29+I29 -> 110000
B30: 4 | C30: 2501143 | D30: 42152430 | E30: CEMENTO PARA OBTURACION DE CONDUCTOS RADICULAR | F30: PRESENTACIÓN EN DOS TUBOS (BASE CATALIZADOR). A BASE DE RESINA EPOXICA, SELLADOR DE CONDUCTOS RADICULARES. | G30: KIT DE 4 ML (BASE ) , 4ML CATALIZADOR) | H30: 238000 | I30: 0 | J30: =+H30+I30 -> 238000
B31: 5 | C31: 2501913 | D31: 51142931 | E31: SPRAY REFRIGERANTE | F31: SPRAY REFRIGERANTE CON EXTENSIÓN PARA DIRECCIONAR, NO CFCS, MENOS DE 50°C. PARA PRUEBAS DE VITALIDAD PULPAR. | G31: FRASCO SPRAY X 200 ML | H31: 70000 | I31: =+H31*0.19 -> 13300 | J31: =+H31+I31 -> 83300
B32: 6 | C32: 2502903 | D32: 42152430 | E32: CONOS GUTAPERCHA 1A SERIE | F32: ESTANDARIZADOS SEGÚN ISO 6877 Y SEGÚN COLOR DE LA LIMA CORRESPONDIENTE, BIOCOMPATIBLES, RADIOPACOS, FLEXIBLES CON UN GRADO DE RIGIDEZ QUE NO PERMITA DEFORMACIÓN. UTILIZADOS PARA OBTURACIÓN DE CANALES RADICULARES A BASE DE GUTAPERCHA, ÓXIDO DE ZINC Y COLORANTE ORGÁNICO (TODO EL CONO DEL COLOR DE LA LIMA LIMA O PINTADOS EN EXTREMOS), CALIBRADOS EN CONICIDAD .02-.06 | G32: CAJA X 6 TUBOS | H32: 28000 | I32: 0 | J32: =+H32+I32 -> 28000
B33: 7 | C33: 2502903 | D33: 42152430 | E33: CONOS GUTAPERCHA NO. 20 | F33: ESTANDARIZADOS SEGÚN ISO 6877 Y SEGÚN COLOR DE LA LIMA CORRESPONDIENTE, BIOCOMPATIBLES, RADIOPACOS, FLEXIBLES CON UN GRADO DE RIGIDEZ QUE NO PERMITA DEFORMACIÓN. UTILIZADOS PARA OBTURACIÓN DE CANALES RADICULARES A BASE DE GUTAPERCHA, ÓXIDO DE ZINC Y COLORANTE ORGÁNICO (TODO EL CONO DEL COLOR DE LA LIMA LIMA O PINTADOS EN EXTREMOS), CALIBRADOS EN CONICIDAD .02-.06 | G33: CAJA X 6 TUB | H33: 28000 | I33: 0 | J33: =+H33+I33 -> 28000
B34: 8 | C34: 2502903 | D34: 42152430 | E34: CONOS GUTAPERCHA NO. 25 | F34: ESTANDARIZADOS SEGÚN ISO 6877 Y SEGÚN COLOR DE LA LIMA CORRESPONDIENTE, BIOCOMPATIBLES, RADIOPACOS, FLEXIBLES CON UN GRADO DE RIGIDEZ QUE NO PERMITA DEFORMACIÓN. UTILIZADOS PARA OBTURACIÓN DE CANALES RADICULARES A BASE DE GUTAPERCHA, ÓXIDO DE ZINC Y COLORANTE ORGÁNICO (TODO EL CONO DEL COLOR DE LA LIMA LIMA O PINTADOS EN EXTREMOS), CALIBRADOS EN CONICIDAD .02-.06 | G34: CAJA X 6 TUB | H34: 28000 | I34: 0 | J34: =+H34+I34 -> 28000
B35: 9 | C35: 2502903 | D35: 42152430 | E35: CONOS GUTAPERCHA 2A SERIE | F35: ESTANDARIZADOS SEGÚN ISO 6877 Y SEGÚN COLOR DE LA LIMA CORRESPONDIENTE, BIOCOMPATIBLES, RADIOPACOS, FLEXIBLES CON UN GRADO DE RIGIDEZ QUE NO PERMITA DEFORMACIÓN. UTILIZADOS PARA OBTURACIÓN DE CANALES RADICULARES A BASE DE GUTAPERCHA, ÓXIDO DE ZINC Y COLORANTE ORGÁNICO (TODO EL CONO DEL COLOR DE LA LIMA LIMA O PINTADOS EN EXTREMOS), CALIBRADOS EN CONICIDAD .02-.06 | G35: CAJA X 6 TUBOS | H35: 28000 | I35: 0 | J35: =+H35+I35 -> 28000
B36: 10 | C36: 2502903 | D36: 42152430 | E36: CONOS GUTAPERCHA 30 | F36: ESTANDARIZADOS SEGÚN ISO 6877 Y SEGÚN COLOR DE LA LIMA CORRESPONDIENTE, BIOCOMPATIBLES, RADIOPACOS, FLEXIBLES CON UN GRADO DE RIGIDEZ QUE NO PERMITA DEFORMACIÓN. UTILIZADOS PARA OBTURACIÓN DE CANALES RADICULARES A BASE DE GUTAPERCHA, ÓXIDO DE ZINC Y COLORANTE ORGÁNICO (TODO EL CONO DEL COLOR DE LA LIMA LIMA O PINTADOS EN EXTREMOS), CALIBRADOS EN CONICIDAD .02-.06 | G36: CAJA X 6 TUB | H36: 28000 | I36: 0 | J36: =+H36+I36 -> 28000
B37: 11 | C37: 2502903 | D37: 42152430 | E37: CONOS GUTAPERCHA 35 | F37: ESTANDARIZADOS SEGÚN ISO 6877 Y SEGÚN COLOR DE LA LIMA CORRESPONDIENTE, BIOCOMPATIBLES, RADIOPACOS, FLEXIBLES CON UN GRADO DE RIGIDEZ QUE NO PERMITA DEFORMACIÓN. UTILIZADOS PARA OBTURACIÓN DE CANALES RADICULARES A BASE DE GUTAPERCHA, ÓXIDO DE ZINC Y COLORANTE ORGÁNICO (TODO EL CONO DEL COLOR DE LA LIMA LIMA O PINTADOS EN EXTREMOS), CALIBRADOS EN CONICIDAD .02-.06 | G37: CAJA X 6 TUB | H37: 28000 | I37: 0 | J37: =+H37+I37 -> 28000
B38: 12 | C38: 2502903 | D38: 42152430 | E38: CONOS GUTAPERCHA 40 | F38: ESTANDARIZADOS SEGÚN ISO 6877 Y SEGÚN COLOR DE LA LIMA CORRESPONDIENTE, BIOCOMPATIBLES, RADIOPACOS, FLEXIBLES CON UN GRADO DE RIGIDEZ QUE NO PERMITA DEFORMACIÓN. UTILIZADOS PARA OBTURACIÓN DE CANALES RADICULARES A BASE DE GUTAPERCHA, ÓXIDO DE ZINC Y COLORANTE ORGÁNICO (TODO EL CONO DEL COLOR DE LA LIMA LIMA O PINTADOS EN EXTREMOS), CALIBRADOS EN CONICIDAD .02-.06 | G38: CAJA X 6 TUB | H38: 28000 | I38: 0 | J38: =+H38+I38 -> 28000
B39: 13 | C39: 2502903 | D39: 42152430 | E39: CONOS GUTAPERCHA 45 | F39: ESTANDARIZADOS SEGÚN ISO 6877 Y SEGÚN COLOR DE LA LIMA CORRESPONDIENTE, BIOCOMPATIBLES, RADIOPACOS, FLEXIBLES CON UN GRADO DE RIGIDEZ QUE NO PERMITA DEFORMACIÓN. UTILIZADOS PARA OBTURACIÓN DE CANALES RADICULARES A BASE DE GUTAPERCHA, ÓXIDO DE ZINC Y COLORANTE ORGÁNICO (TODO EL CONO DEL COLOR DE LA LIMA LIMA O PINTADOS EN EXTREMOS), CALIBRADOS EN CONICIDAD .02-.06 | G39: CAJA X 6 TUB | H39: 28000 | I39: 0 | J39: =+H39+I39 -> 28000
B40: 14 | C40: 2502903 | D40: 42152430 | E40: CONOS GUTAPERCHA NO. 15 | F40: ESTANDARIZADOS SEGÚN ISO 6877 Y SEGÚN COLOR DE LA LIMA CORRESPONDIENTE, BIOCOMPATIBLES, RADIOPACOS, FLEXIBLES CON UN GRADO DE RIGIDEZ QUE NO PERMITA DEFORMACIÓN. UTILIZADOS PARA OBTURACIÓN DE CANALES RADICULARES A BASE DE GUTAPERCHA, ÓXIDO DE ZINC Y COLORANTE ORGÁNICO (TODO EL CONO DEL COLOR DE LA LIMA LIMA O PINTADOS EN EXTREMOS), CALIBRADOS EN CONICIDAD .02-.06 | G40: CAJA X 6 TUBOS | H40: 28000 | I40: 0 | J40: =+H40+I40 -> 28000
B41: 15 | D41: 42152408 | E41: CONOS PAPEL 1A SERIE | F41: ESTANDARIZADOS EN FORMA Y COLOR SEGÚN LIMAS, EMPAQUE RÍGIDO QUE NO PERMITA CONTAMINACIÓN DEL CONTENIDO. | G41: CAJA 200 UNDS | H41: 25000 | I41: =+H41*0.19 -> 4750 | J41: =+H41+I41 -> 29750
B42: 16 | D42: 42152408 | E42: CONOS PAPEL 2A SERIE | F42: ESTANDARIZADOS EN FORMA Y COLOR SEGÚN LIMAS, EMPAQUE RÍGIDO QUE NO PERMITA CONTAMINACIÓN DEL CONTENIDO. | G42: CAJA 200 UNDS | H42: 25000 | I42: =+H42*0.19 -> 4750 | J42: =+H42+I42 -> 29750
B43: 17 | C43: 2503006 | D43: 42152465 | E43: EDTA + PERÓXIDO DE UREA | F43: 10 % DE UREA, 15% ÁCIDO TETRA ACÉTICO DE ETILENDIAMINO (EDTA). | G43: JERINGA X 3 A 9 GRS APROX | H43: 51000 | I43: 0 | J43: =+H43+I43 -> 51000 | K43: Se cotiza presentacion de 3gr.
B44: 18 | C44: 2503006 | D44: 42152465 | E44: ESPACIADORES MANUALES A25 | F44: ACERO INOXIDABLE DIN 1.4310, ELECTRO-PULIDO, PERTENECIENTE A LA CLASIFICACIÓN AISI 302 (CON 17% DE CROMO Y 8% DE NÍQUEL, REFERENCIA DE ESPACIADOR A25 MANGO EXAGONAL | G44: UNIDAD | H44: 70000 | I44: =+H44*0.19 -> 13300 | J44: =+H44+I44 -> 83300
B45: 19 | C45: 2500661 | D45: 42152600 | E45: GLUTARALDEHIDO MOMIFICANTE AL 2% | F45: MOMIFICANTEPULPAR, ANTISÉPTICO, DESINFECTANTE Y HEMOSTÁTICO. | G45: FRASCO X 7 ML | H45: 12000 | I45: 0 | J45: =+H45+I45 -> 12000
B46: 20 | C46: 2502884 | D46: 42152500 | E46: GRAPAS MOLARES PARCIALMENTE ERUPCIONADOS NO. 14A | F46: GRAPA PARA AISALMIENTO ABSOLUTO CON TELA DE CAUCHO, FABRICADA EN ACERO INOXIDABLE GRADO QUIRURGICO DE ALTA RESISTENCIA, MEMORIA ELASTICA CON RECUPERACION DE SU FORMAW ORIGINAL DESPUES DE LA APERTURA Y COLOCACION. SUPERFICIE LISA, LIBRE DE POROSIDADES. BORDES ANATOMICOS Y PUNTAS DE FIJACION PULIDAS CON ADECUADA RETENCION CERVICAL. ESTERILIZABLE EN AUTOCLAVE. PARA DIENTES TEMPORALES Y PERMANENTES. | G46: UNIDAD | H46: 7000 | I46: =+H46*0.19 -> 1330 | J46: =+H46+I46 -> 8330
B47: 21 | C47: 2501426 | D47: 42152600 | E47: GRAPAS No. 00 | F47: GRAPA PARA AISALMIENTO ABSOLUTO CON TELA DE CAUCHO, FABRICADA EN ACERO INOXIDABLE GRADO QUIRURGICO DE ALTA RESISTENCIA, MEMORIA ELASTICA CON RECUPERACION DE SU FORMAW ORIGINAL DESPUES DE LA APERTURA Y COLOCACION. SUPERFICIE LISA, LIBRE DE POROSIDADES. BORDES ANATOMICOS Y PUNTAS DE FIJACION PULIDAS CON ADECUADA RETENCION CERVICAL. ESTERILIZABLE EN AUTOCLAVE. PARA DIENTES TEMPORALES Y PERMANENTES. | G47: UNIDAD | H47: 7000 | I47: =+H47*0.19 -> 1330 | J47: =+H47+I47 -> 8330
B48: 22 | C48: 2584623 | D48: 42152600 | E48: GRAPAS No.8 | F48: GRAPA PARA AISALMIENTO ABSOLUTO CON TELA DE CAUCHO, FABRICADA EN ACERO INOXIDABLE GRADO QUIRURGICO DE ALTA RESISTENCIA, MEMORIA ELASTICA CON RECUPERACION DE SU FORMAW ORIGINAL DESPUES DE LA APERTURA Y COLOCACION. SUPERFICIE LISA, LIBRE DE POROSIDADES. BORDES ANATOMICOS Y PUNTAS DE FIJACION PULIDAS CON ADECUADA RETENCION CERVICAL. ESTERILIZABLE EN AUTOCLAVE. PARA DIENTES TEMPORALES Y PERMANENTES. | G48: UNIDAD | H48: 7000 | I48: =+H48*0.19 -> 1330 | J48: =+H48+I48 -> 8330
B49: 23 | C49: 2584623 | D49: 42152600 | E49: GRAPAS No.9 | F49: GRAPA PARA AISALMIENTO ABSOLUTO CON TELA DE CAUCHO, FABRICADA EN ACERO INOXIDABLE GRADO QUIRURGICO DE ALTA RESISTENCIA, MEMORIA ELASTICA CON RECUPERACION DE SU FORMAW ORIGINAL DESPUES DE LA APERTURA Y COLOCACION. SUPERFICIE LISA, LIBRE DE POROSIDADES. BORDES ANATOMICOS Y PUNTAS DE FIJACION PULIDAS CON ADECUADA RETENCION CERVICAL. ESTERILIZABLE EN AUTOCLAVE. PARA DIENTES TEMPORALES Y PERMANENTES. | G49: UNIDAD | H49: 7000 | I49: =+H49*0.19 -> 1330 | J49: =+H49+I49 -> 8330
B50: 24 | C50: 2584623 | D50: 42152600 | E50: KIT GRAPAS: CLAMP SET BRINKER TISSUE RETRACTORS HYGENIC | F50: KIT GRAPAS CLAMP SET BRINKER TISSUE RETRACTORS HYGENIC EN ACERO INOXIDABLE, PARA AISLAMIENTO TOTAL CON TELA DE CAUCHO DE DIENTES RESTOS RADICULARES, RESISTENTE A LA FRACTURA Y A LA CORROSIÓN, INDEFORMABLE, AUTOCLAVABLES | G50: KIT x 6 UNIDADES | H50: 50000 | I50: =+H50*0.19 -> 9500 | J50: =+H50+I50 -> 59500
B51: 25 | C51: 2584623 | D51: 42152600 | E51: HIDRÓXIDO DE CALCIO | F51: HIDRÓXIDO DE CALCIO PURO EN POLVO BLANCO FINO , INOLORO,LIBRE DE PARTICULAS EXTRAÑAS. | G51: FCO X 10 GRS | H51: 10000 | I51: 0 | J51: =+H51+I51 -> 10000
B52: 26 | C52: 2501988 | D52: 12352319 | E52: HIDROXIDO DE CALCIO PASTA ACIDO RESISTENTE | F52: HIDROXIDO DE CALCIO E HIDROAPATITA DE CALCIO. MATERIAL BIOACTIVO DE RECUBRIMEINTO PULPAR DIRECTO E INDIRECTO, LINER O BASE. PROMUEVE LA FORMACIÓN DE DENTINA REPARATIVA. RADIOPACO, FOTOACTIVO. APLICACIÓN CONTROLADA Y PRECISA, SIN NECESIDAD DE MEZCLA. ÁCIDO RESISTENTE, NO SE DISUELVE CON EL TIEMPO. | G52: JERINGA X 1,64 GRS | H52: 60000 | I52: 0 | J52: =+H52+I52 -> 60000 | K52: ESTE VALOR SI CORRESPONDE
B53: 27 | D53: 12352319 | E53: LIMAS DE 1A SERIE X 25 MMFLEXOFILE | F53: LIMA MANUAL DE ACERO INOXIDABLE PRE ESTERILIZADAS DE FABRICA DIN 1.4310, ELECTRO-PULIDO, PERTENECIENTE A LA CLASIFICACIÓN AISI 302 (CON 17% DE CROMO Y 8% DE NÍQUEL, APROX.). SERIE ISO CONTENIDO: BLISTER CON 6 LIMAS CON TOPES DE SILICONA, PUEDEN SER INDIVIDUALES O SURTIDO. | G53: BLISTER X 6 UNIDADES | H53: 30000 | I53: =+H53*0.19 -> 5700 | J53: =+H53+I53 -> 35700
B54: 28 | D54: 42151620 | E54: LIMAS DE 1A SERIE X 31 MM FLEXOFILE | F54: LIMA MANUAL DE ACERO INOXIDABLE PRE ESTERILIZADAS DE FABRICA DIN 1.4310, ELECTRO-PULIDO, PERTENECIENTE A LA CLASIFICACIÓN AISI 302 (CON 17% DE CROMO Y 8% DE NÍQUEL, APROX.). SERIE ISO CONTENIDO: BLISTER CON 6 LIMAS CON TOPES DE SILICONA, PUEDEN SER INDIVIDUALES O SURTIDO. | G54: BLISTER X 6 UNIDADES | H54: 30000 | I54: =+H54*0.19 -> 5700 | J54: =+H54+I54 -> 35700
B55: 29 | D55: 42151620 | E55: LIMAS DE 2A SERIE X 25 MM FLEXOFILE | F55: LIMA MANUAL DE ACERO INOXIDABLE PRE ESTERILIZADAS DE FABRICA DIN 1.4310, ELECTRO-PULIDO, PERTENECIENTE A LA CLASIFICACIÓN AISI 302 (CON 17% DE CROMO Y 8% DE NÍQUEL, APROX.). SERIE ISO CONTENIDO: BLISTER CON 6 LIMAS CON TOPES DE SILICONA, PUEDEN SER INDIVIDUALES O SURTIDO. | G55: BLISTER X 6 UNIDADES | H55: 30000 | I55: =+H55*0.19 -> 5700 | J55: =+H55+I55 -> 35700
B56: 30 | D56: 42151620 | E56: LIMAS NO. 15 X 21MM TIPO FLEXOFILE | F56: LIMA MANUAL DE ACERO INOXIDABLE PRE ESTERILIZADAS DE FABRICA DIN 1.4310, ELECTRO-PULIDO, PERTENECIENTE A LA CLASIFICACIÓN AISI 302 (CON 17% DE CROMO Y 8% DE NÍQUEL, APROX.). SERIE ISO CONTENIDO: BLISTER CON 6 LIMAS CON TOPES DE SILICONA, PUEDEN SER INDIVIDUALES O SURTIDO. | G56: BLISTER X 6 UNIDADES | H56: 30000 | I56: =+H56*0.19 -> 5700 | J56: =+H56+I56 -> 35700
B57: 31 | D57: 42151620 | E57: LIMAS NO. 15 X 25 MM TIPO FLEXOFILE | F57: LIMA MANUAL DE ACERO INOXIDABLE PRE ESTERILIZADAS DE FABRICA DIN 1.4310, ELECTRO-PULIDO, PERTENECIENTE A LA CLASIFICACIÓN AISI 302 (CON 17% DE CROMO Y 8% DE NÍQUEL, APROX.). SERIE ISO CONTENIDO: BLISTER CON 6 LIMAS CON TOPES DE SILICONA, PUEDEN SER INDIVIDUALES O SURTIDO. | G57: BLISTER X 6 UNIDADES | H57: 30000 | I57: =+H57*0.19 -> 5700 | J57: =+H57+I57 -> 35700
B58: 32 | D58: 42151620 | E58: LIMAS NO. 20 X 21 MM TIPO FLEXOFILE | F58: LIMA MANUAL DE ACERO INOXIDABLE PRE ESTERILIZADAS DE FABRICA DIN 1.4310, ELECTRO-PULIDO, PERTENECIENTE A LA CLASIFICACIÓN AISI 302 (CON 17% DE CROMO Y 8% DE NÍQUEL, APROX.). SERIE ISO CONTENIDO: BLISTER CON 6 LIMAS CON TOPES DE SILICONA, PUEDEN SER INDIVIDUALES O SURTIDO. | G58: BLISTER X 6 UNIDADES | H58: 30000 | I58: =+H58*0.19 -> 5700 | J58: =+H58+I58 -> 35700
B59: 33 | D59: 42151620 | E59: LIMAS NO. 20 X 25 MM TIPO FLEXOFILE | F59: LIMA MANUAL DE ACERO INOXIDABLE PRE ESTERILIZADAS DE FABRICA DIN 1.4310, ELECTRO-PULIDO, PERTENECIENTE A LA CLASIFICACIÓN AISI 302 (CON 17% DE CROMO Y 8% DE NÍQUEL, APROX.). SERIE ISO CONTENIDO: BLISTER CON 6 LIMAS CON TOPES DE SILICONA, PUEDEN SER INDIVIDUALES O SURTIDO. | G59: BLISTER X 6 UNIDADES | H59: 30000 | I59: =+H59*0.19 -> 5700 | J59: =+H59+I59 -> 35700
B60: 34 | D60: 42151620 | E60: LIMAS NO. 25 X 25 MM TIPO FLEXOFILE | F60: LIMA MANUAL DE ACERO INOXIDABLE PRE ESTERILIZADAS DE FABRICA DIN 1.4310, ELECTRO-PULIDO, PERTENECIENTE A LA CLASIFICACIÓN AISI 302 (CON 17% DE CROMO Y 8% DE NÍQUEL, APROX.). SERIE ISO CONTENIDO: BLISTER CON 6 LIMAS CON TOPES DE SILICONA, PUEDEN SER INDIVIDUALES O SURTIDO. | G60: BLISTER X 6 UNIDADES | H60: 30000 | I60: =+H60*0.19 -> 5700 | J60: =+H60+I60 -> 35700
B61: 35 | D61: 42151620 | E61: LIMAS NO. 30 X 25 MM TIPO FLEXOFILE | F61: LIMA MANUAL DE ACERO INOXIDABLE PRE ESTERILIZADAS DE FABRICA DIN 1.4310, ELECTRO-PULIDO, PERTENECIENTE A LA CLASIFICACIÓN AISI 302 (CON 17% DE CROMO Y 8% DE NÍQUEL, APROX.). SERIE ISO CONTENIDO: BLISTER CON 6 LIMAS CON TOPES DE SILICONA, PUEDEN SER INDIVIDUALES O SURTIDO. | G61: BLISTER X 6 UNIDADES | H61: 30000 | I61: =+H61*0.19 -> 5700 | J61: =+H61+I61 -> 35700
B62: 36 | D62: 42151620 | E62: LIMAS NO. 35 X 25 MM TIPO FLEXOFILE | F62: LIMA MANUAL DE ACERO INOXIDABLE PRE ESTERILIZADAS DE FABRICA DIN 1.4310, ELECTRO-PULIDO, PERTENECIENTE A LA CLASIFICACIÓN AISI 302 (CON 17% DE CROMO Y 8% DE NÍQUEL, APROX.). SERIE ISO CONTENIDO: BLISTER CON 6 LIMAS CON TOPES DE SILICONA, PUEDEN SER INDIVIDUALES O SURTIDO. | G62: BLISTER X 6 UNIDADES | H62: 30000 | I62: =+H62*0.19 -> 5700 | J62: =+H62+I62 -> 35700
B63: 37 | D63: 42151620 | E63: LIMAS NO. 40 X 25 MM TIPO FLEXOFILE | F63: LIMA MANUAL DE ACERO INOXIDABLE PRE ESTERILIZADAS DE FABRICA DIN 1.4310, ELECTRO-PULIDO, PERTENECIENTE A LA CLASIFICACIÓN AISI 302 (CON 17% DE CROMO Y 8% DE NÍQUEL, APROX.). SERIE ISO CONTENIDO: BLISTER CON 6 LIMAS CON TOPES DE SILICONA, PUEDEN SER INDIVIDUALES O SURTIDO. | G63: BLISTER X 6 UNIDADES | H63: 30000 | I63: =+H63*0.19 -> 5700 | J63: =+H63+I63 -> 35700
B64: 38 | D64: 42151620 | E64: LIMAS PRESERIE NO.10 X 25 MM | F64: LIMA MANUAL DE ACERO INOXIDABLE PRE ESTERILIZADAS DE FABRICA DIN 1.4310, ELECTRO-PULIDO, PERTENECIENTE A LA CLASIFICACIÓN AISI 302 (CON 17% DE CROMO Y 8% DE NÍQUEL, APROX.). SERIE ISO CONTENIDO: BLISTER CON 6 LIMAS CON TOPES DE SILICONA, PUEDEN SER INDIVIDUALES O SURTIDO. | G64: BLISTER X 6 UNIDADES | H64: 30000 | I64: =+H64*0.19 -> 5700 | J64: =+H64+I64 -> 35700
... B69: 43 | D69: 42151620 | E69: LIMAS ROTATORIAS NIQUEL TITANIO EN 31 MM | F69: USO: INSTRUMENTACIÓN DE CONDUCTOS RADICULARES, LIMA ÚNICA CON MOVIMIENTO RECIPROCANTE. LIMAS DE SECCION EN FORMA DE PARALELOGRAMO ALTERNANDO UNO O DOS PUNTOS DE CORTE EN TODA SU PARTE ACTIVA, CO CANTIDADES VARIABLES Y ANGULO HELICOIDAL CONSTANTE. | G69: BLISTER SURTIDO POR CUATRO LIMAS SMALL. PRIMARY, MÉDIUM, LARGE. | H69: 165000 | I69: =+H69*0.19 -> 31350 | J69: =+H69+I69 -> 196350
B70: 44 | C70: 2505215 | D70: 42151620 | E70: LIMAS ROTATORIAS NIQUEL TITANIO EN 25 MM | F70: USO: INSTRUMENTACIÓN DE CONDUCTOS RADICULARES, LIMA ÚNICA CON MOVIMIENTO RECIPROCANTE. LIMAS DE SECCION EN FORMA DE PARALELOGRAMO ALTERNANDO UNO O DOS PUNTOS DE CORTE EN TODA SU PARTE ACTIVA, CO CANTIDADES VARIABLES Y ANGULO HELICOIDAL CONSTANTE. | G70: BLISTER SURTIDO POR CUATRO LIMAS SMALL. PRIMARY, MÉDIUM, LARGE. | H70: 275000 | I70: =+H70*0.19 -> 52250 | J70: =+H70+I70 -> 327250
B71: 45 | C71: 2505215 | D71: 42151620 | E71: LIMA ROTATORIA NIQUEL TITANIO DE 25 MM | F71: USO: INSTRUMENTACIÓN DE CONDUCTOS RADICULARES, LIMA ÚNICA CON MOVIMIENTO RECIPROCANTE. LIMAS DE SECCION EN FORMA DE PARALELOGRAMO ALTERNANDO UNO O DOS PUNTOS DE CORTE EN TODA SU PARTE ACTIVA, CO CANTIDADES VARIABLES Y ANGULO HELICOIDAL CONSTANTE. | G71: BLISTER PORTRES LIMAS SMALL | H71: 165000 | I71: =+H71*0.19 -> 31350 | J71: =+H71+I71 -> 196350
B72: 46 | C72: 2505215 | D72: 42151620 | E72: LIMA ROTATORIA NIQUEL TITANIO DE 25 MM | F72: USO: INSTRUMENTACIÓN DE CONDUCTOS RADICULARES, LIMA ÚNICA CON MOVIMIENTO RECIPROCANTE. LIMAS DE SECCION EN FORMA DE PARALELOGRAMO ALTERNANDO UNO O DOS PUNTOS DE CORTE EN TODA SU PARTE ACTIVA, CO CANTIDADES VARIABLES Y ANGULO HELICOIDAL CONSTANTE. | G72: BLISTER PORTRES LIMAS PRIMARI | H72: 165000 | I72: =+H72*0.19 -> 31350 | J72: =+H72+I72 -> 196350
B73: 47 | C73: 2505215 | D73: 42151620 | E73: OXIDO DE ZINC | F73: CEMENTO TEMPORAL RADIOPACO - POLVO UTILIZADO PARA LA PREPARACIÓN DEL EUGENOLATO CUANDO SE COMBINA CON EL EUGENOL. POLVO MUY FINO, IMPALPABLE, DE COLOR BLANCO O LIGERAMENTE AMARILLO, INODORO. LIBRE DE GRÁNULOS Y DE PARTÍCULAS EXTRAÑAS. INGREDIENTE ACTIVO ÓXIDO DE ZINC. | G73: FRASCO X 175 GRS | H73: 26000 | I73: 0 | J73: =+H73+I73 -> 26000
B74: 48 | C74: 2502064 | D74: 42152510 | E74: PERÓXIDO DE HIDROGENO AL 35% | F74: USO ENDODONTICO PARA BLANQUEAMIENTO DE DIENTES NO VITALES. ESTABILIDAD DE 3 A 5 DÍAS DENTRO DE CÁMARA PULPAR | G74: JERIGA X 1,87 GRS | H74: 98000 | I74: =+H74*0.19 -> 18620 | J74: =+H74+I74 -> 116620 | K74: Se cotiza 1.2 ml.
B75: 49 | C75: 2502064 | D75: 42152510 | E75: TIRA NERVIOS SURTIDOS | F75: INSTRUMENTOS FILETEADOS, FABRICADOS DE ACERO INOXIDABLE, MODELO DIN 1.4197, CON 13% DE CROMO, INDICADOS PARA LA REMOCIÓN DEL TEJIDO PULPAR. SE PRESENTA EN BLISTERS CONTENIENDO 10 UNIDADES SURTIDAS EN TAMAÑOS XXXXF (UNA UNIDAD), XXXF (UNA UNIDAD), XXF (DOS UNIDADES), XF (DOS UNIDADES), F (DOS UNIDADES), M (UNA UNIDAD), C (UNA UNIDAD) TENIENDO 21 MM DE LARGO | G75: BLISTER X 10 UND | H75: 47000 | I75: =+H75*0.19 -> 8930 | J75: =+H75+I75 -> 55930
B76: 50 | C76: 2503496 | D76: 42151620 | E76: XYLOL | F76: DISOLVENTE DE GUTAPERCHA Y TEJIDO, FRASCO OSCURO DE VIDRIO | G76: FRASCO 15 A 20 ML | H76: 9000 | I76: =+H76*0.19 -> 1710 | J76: =+H76+I76 -> 10710
B77: 51 | C77: 2502114 | D77: 41104210 | E77: ESPACIADOR MANUAL PARA CONDUCTOS N°30 | F77: INSTRUMENTO EN ACERO INOXIDABLE AUTOCLAVABLE PARA ESPACIAR GUTAPERCHA, PARTE ACTIVA DE 25 A 30MM. | G77: UNIDAD | H77: 70000 | I77: =+H77*0.19 -> 13300 | J77: =+H77+I77 -> 83300
B78: 52 | D78: 42152600 | E78: CONOS DE GUTAPERCHA | F78: CONOS DE GUTAPERCHA DE CONICIDAD VARIABLE ,COLOR DEL MISMO TAMAÑO DE LAS LIMAS, QUE ENCAJEN DE FORMA PREDECIBLE EN LOS CONDUCTOS PREPARADOS CON WAVE ONE GOLD. | G78: CAJA POR 60 UNIDADES COMOS DE GUTAPERCHA SMALL | H78: 70000 | I78: 0 | J78: =+H78+I78 -> 70000
B79: 53 | D79: 42152600 | E79: CONOS DE GUTAPERCHA | F79: CONOS DE GUTAPERCHA DE CONICIDAD VARIABLE ,COLOR DEL MISMO TAMAÑO DE LAS LIMAS, QUE ENCAJEN DE FORMA PREDECIBLE EN LOS CONDUCTOS PREPARADOS CON WAVE ONE GOLD. | G79: CAJA POR 60 UNIDADES COMOS DE GUTAPERCHA PRIMARY | H79: 70000 | I79: 0 | J79: =+H79+I79 -> 70000
B80: 54 | D80: 42152600 | E80: CONOS DE GUTAPERCHA | F80: CONOS DE GUTAPERCHA DE CONICIDAD VARIABLE ,COLOR DEL MISMO TAMAÑO DE LAS LIMAS, QUE ENCAJEN DE FORMA PREDECIBLE EN LOS CONDUCTOS PREPARADOS CON WAVE ONE GOLD. | G80: CAJA POR 60 UNIDADES COMOS DE GUTAPERCHA MÉDIUM | H80: 70000 | I80: 0 | J80: =+H80+I80 -> 70000
B81: 55 | D81: 42152600 | E81: CONOS DE GUTAPERCHA | F81: CONOS DE GUTAPERCHA DE CONICIDAD VARIABLE ,COLOR DEL MISMO TAMAÑO DE LAS LIMAS, QUE ENCAJEN DE FORMA PREDECIBLE EN LOS CONDUCTOS PREPARADOS CON WAVE ONE GOLD. | G81: CAJA POR 60 UNIDADES CONOS SURTIDO SMALL, PRIMARY, MÉDIUM, LARGE. | H81: 70000 | I81: 0 | J81: =+H81+I81 -> 70000
B82: 56 | E82: FRESA ENDOZECRIA | F82: FRESA CÓNICA DE CARBURO CON TERMINACIÓN DE SEGURIDAD PARA PIEZA DE ALTA VELOCIDAD, SIN CORTE EN LA PUNTA. PRECISAMENTE ESTA ZONA DE NO CORTE PERMITE SU COLOCACIÓN SOBRE LA PARED PULPAR SIN RIESGO DE PERFORACIÓN. LAS HOJAS DE CORTE LATERAL DE LA FRESA E ENDO Z SE UTILIZAN PARA ALISAR Y REFINAR LAS PAREDES AXIALES INTERNAS DE CAVIDADES. | G82: UNIDAD | H82: 29000 | I82: =+H82*0.19 -> 5510 | J82: =+H82+I82 -> 34510
B83: 57 | C83: 2501968 | D83: 42151614 | E83: FRESAS GATES NO. 1 | F83: FRESAS PARA PREPARACIÓN DE ACCESO AL CONDUCTO RADICULAR Y DESOBTURACIÓN DEL CONDUCTO. EN LAS MEDIDAS, 28MM Y 32MM (CON UNA DE HASTA 19MM). POSEE 3 FILOS Y PUNTA INACTIVA. | G83: CAJA X 6 UNIDADES | H83: 70000 | I83: =+H83*0.19 -> 13300 | J83: =+H83+I83 -> 83300
B84: 58 | C84: 2501978 | D84: 42151614 | E84: FRESAS GATES NO. 2 | F84: FRESAS PARA PREPARACIÓN DE ACCESO AL CONDUCTO RADICULAR Y DESOBTURACIÓN DEL CONDUCTO. EN LAS MEDIDAS, 28MM Y 32MM (CON UNA DE HASTA 19MM). POSEE 3 FILOS Y PUNTA INACTIVA. | G84: CAJA X 6 UNIDADES | H84: 70000 | I84: =+H84*0.19 -> 13300 | J84: =+H84+I84 -> 83300
B85: 59 | E85: FRESA PESSO NO. 1 | F85: FRESA DE PESSO 1, PARA ENSANCHAR EL TERCIO CORONAL DEL CONDUCTO RADICULAR, DE ACERO INOXIDABLE EN LAS MEDIDAS 28MM Y 32MM (CON UNA HASTA DE 19MM) POSEE 4 FILOS EN LA PUNTA INACTIVA. | G85: CAJA X 6 UNIDADES | H85: 70000 | I85: =+H85*0.19 -> 13300 | J85: =+H85+I85 -> 83300
B86: 60 | C86: 2501979 | D86: 42151614 | E86: TELA DE CAUCHO 6X6 | F86: LÁTEX DE CAUCHO NATURAL, PURO, EXCLUSIVO DE USO ODONTOLÓGICO, BAJO EN POLVO O LIBRE DE POLVO COMO BARRERA EN LOS PROCEDIMIENTOS OPERATORIOS, GROSOR MEDIO: 0.18-0.23 MM . | G86: CAJA X 36 UND | H86: 49000 | I86: =+H86*0.19 -> 9310 | J86: =+H86+I86 -> 58310
B87: 61 | C87: 2583809 | D87: 42152602 | E87: TELA DE CAUCHO 5X5 | F87: FABRICADO DE LÁTEX REFINADO, ELONGACIÓN HASTA 800% SIN DESGARRE, BAJO EN POLVO; DE TRES ESPESORES (MEDIANO). COLORES VERDE Y/O AZUL. | G87: CAJA X 52 UND | H87: 44000 | I87: =+H87*0.19 -> 8360 | J87: =+H87+I87 -> 52360 | K87: SE AJUSTO PRECIO
B88: 62 | D88: 42152602 | E88: ARCO DE YOUNG ADULTO | F88: INSTRUMENTO PARA SUJETAR Y COLOCAR LOS DIQUES DE GOMA EN LA TÉCNICA DE AISLAMIENTO DE CAMPO. | G88: UNIDAD | H88: 12000 | I88: =+H88*0.19 -> 2280 | J88: =+H88+I88 -> 14280
B89: 63 | E89: EYECTORES DE CONDUCTOS | F89: DISPOSITIVO DE SUCCION DE LIQUIDOS O FLUIDOS EN ACERO INOXIDABLE ESTERILIZABLE | G89: UNIDAD | H89: 15000 | I89: =+H89*0.19 -> 2850 | J89: =+H89+I89 -> 17850
B90: 64 | D90: 42151635 | E90: LENTULOS SURTIDOS | F90: ESPIRAL DE ACERO INOXIDABLE (MODELO DIN 1.4197), EN TAMAÑOS DEL 1 AL 4 DE 25 MM, 13 % DE CROMO. COMPATIBLE CON EL PRODUCTO OFERTADO DE LAS LIMAS ENDODÓNTICAS Y CONOS DE GUTAPERCHA. | G90: CAJA X 4 | H90: 65000 | I90: =+H90*0.19 -> 12350 | J90: =+H90+I90 -> 77350
B91: 65 | D91: 42151620 | E91: TRIÓXIDO MINERAL AGREGADO | F91: MATERIAL DE OBTURACIÓN RETRÓGRADA , DE USO ENDODÓNTICO, COMPUESTO DE ALUMINIO, SILICATO, OXIDO TRICÁLCICO Y ÓXIDO DE SILICATO. | G91: SOBRE X 1GRAMO SOBRE COLOR BLANCO O 2 SOBRES DE 0.5 GRAMOS | H91: 465000 | I91: 0 | J91: =+H91+I91 -> 465000
B92: 66 | D92: 42295469 | E92: BIODENTINA POLVO A BASE DE SILICATO TRICÁLCICO | F92: SOLUCIÓN DE CLORURO DE CALCIO Y EXCIPIENTES. INDICADO PARA REPARACIÓN ENDODÓNTICA Y PROCEDIMIENTOS RESTAURATIVOS. | G92: CAJA CON 5 CÁPSULAS Y/O 5 PIPETAS | H92: 479000 | I92: 0 | J92: =+H92+I92 -> 479000
B93: 67 | D93: 42152805 | E93: CONDENSADOR DE MACHUT No 1-2-3-4 METALICO | F93: INSTRUMENTO METALICO PARA CONDENSAR Y CORTAR LA GUTAPERCHA | G93: UNIDAD | H93: 93000 | I93: =+H93*0.19 -> 17670 | J93: =+H93+I93 -> 110670
B94: 68 | D94: 42152805 | E94: LIMAS HEDSTROM NO. 15 -40 25 MM | F94: ESTANDARIZADOS EN FORMA Y COLOR SEGÚN LIMAS, EMPAQUE RÍGIDO QUE NO PERMITA CONTAMINACIÓN DEL CONTENIDO, ELECTROPULIDO. | G94: CAJA X 6 UNIDADES Y/O BLISTER X 6 | H94: 23000 | I94: =+H94*0.19 -> 4370 | J94: =+H94+I94 -> 27370
G95: Total Cotizacion Grupo No. 2 | J95: =SUM(J27:J94) -> 4747520
B97: Cordialmente,
B101: Ligia Garzon Bustos
B102: Representante Legal
B103: Dental Nader S.A.S.
B104: Nit. 900.486.577-8

Sheet GRUPO 3  INSUMOS VARIOS
F7: =+'GRUPO 2 ENDODONCIA'!F8 -> COTIZACION CO-25-DIFSA-DISAN-ARC-2026
A9: FECHA: | D9: Junio 27 de 2026
A10: EMPRESA: | D10: DENTAL NADER S.A.S
A11: REPRESENTANTE LEGAL: | D11: Ligia Garzon Bustos
A12: NIT: | D12: 900.486.577-8
A13: DIRECCION: | D13: Carrera 47 # 123 A -09
A14: TELEFONOS Y FAX: | D14: 6199095- Celular 318-5028699
A15: E-MAIL: | D15: licitaciones@dentalnader.com
A16: VIGENCIA COTIZACION: | D16: 60 dias
A19: =+'GRUPO 2 ENDODONCIA'!A19 -> Atendiendo su amable solicitud me permito presentar la cotizacion asi:
A21: “ESPECIFICACIONES TÉCNICAS MÍNIMAS DE OBLIGATORIO CUMPLIMIENTO PARA CONTRATAR”
B23: ITEM | C23: CODIGO SAP | D23: CODIGO | E23: DESCRIPCIÓN | F23: ESPECIFICACIÓN TÉCNICA | G23: PRESENTACIÓN | H23: OFERTA
H24: VALOR UNITARIO | I24: IVA | J24: VALOR TOTAL INCLUIDO IVA
B25: 1 | C25: 2503018 | D25: 42151660 | E25: MICROAPLICADOR | F25: APLICADOR DE FÁCIL MANEJO QUE PERMITA TRANSFERIR CANTIDADES PEQUEÑAS DE MATERIALES LIQUIDOS. QUE PERMITA DOBLARSE EN EL EXTREMO. EN 2 TAMAÑOS DE LA EXTREMIDAD: MEDIO Y PEQUEÑO. | G25: PAQUETE X 100 | H25: 8500 | I25: =+H25*0.19 -> 1615 | J25: =+H25+I25 -> 10115
B26: 2 | C26: 2501694 | D26: 42152502 | E26: BABEROS DESECHABLES | F26: UN CAPA DE PAPEL DE ALTA ABSORCIÓN ACOPLADO Y GROFADO, CON UNA PELÍCULA DE POLIETILENO IMPERMEABLE.PRE CORTADO, CON TIRAS PARA ATAR EN EL MISMO MATERIAL DELBABERO. MEDIDAS 610X530 MM. ALTAMENTE ASÉPTICO, EVITA LA ACUMULACIÓN DE FOCOS BACTERIANOS, NO SE RASGA Y NO PRODUCE ALERGIAS. IMPERMEABLE, RESISTENTE A LÍQUIDOS. | G26: CAJA CON ROLLO X 80 UNIDADES | H26: 50000 | I26: =+H26*0.19 -> 9500 | J26: =+H26+I26 -> 59500
B27: 3 | C27: 2501695 | D27: 42151602 | E27: BANDA PORTAMATRIZ ANCHA | F27: MATERIAL EN ACERO INOXIDABLE PARA REALIZAR SEPARACIONES INTERPROXIMALES. TAMAÑO 1/4 | G27: ROLLO X 3 MT | H27: 7500 | I27: =+H27*0.19 -> 1425 | J27: =+H27+I27 -> 8925
B28: 4 | C28: 2501696 | D28: 42151602 | E28: BANDA PORTAMATRIZ DELGADA | F28: MATERIAL EN ACERO INOXIDABLE PARA REALIZAR SEPARACIONES INTERPROXIMALES. TAMAÑO 3/16 | G28: ROLLO X 3 MT | H28: 7500 | I28: =+H28*0.19 -> 1425 | J28: =+H28+I28 -> 8925
B29: 5 | D29: 42151681 | E29: CARETA VISOR DE PROTECCIÓN | F29: PROTECTOR FACIAL PARA EL ÁREA DE LA SALUD. SOPORTE FRONTAL PLÁSTICO, NO NASAL, CON CORDON ELÁSTICO AJUSTABLE TRASERO. PESO LIVIANO (NO DESECHABLE). CARETA CON 10 REPUESTOS. PERMITE USO DE GAFAS. SU ESTRUCTURA SUPERIOR PERMITE SUFICIENTE FLUJO DE AIRE LOGRANDO CON ELLO EVITAR EMPAÑAMIENTO. | G29: UNIDAD | H29: 30000 | I29: =+H29*0.19 -> 5700 | J29: =+H29+I29 -> 35700
B30: 6 | C30: 2501928 | D30: 42152009 | E30: CEPILLO PARA PROFILAXIS MANGO METALICO | F30: CEPILLO DESECHABLE METÁLICO O PLÁSTICO DE EMPATE UNIVERSAL PARA CONTRÁNGULO CON PARTE ACTIVA CONFORMADA POR CERDAS SUAVES Y HOMOGÉNEAS | G30: CAJA X 100 A 144 UND | H30: 45000 | I30: =+H30*0.19 -> 8550 | J30: =+H30+I30 -> 53550
B31: 7 | C31: 2501908 | D31: 42151611 | E31: CEPILLOS PARA LAVAR INSTRUMENTAL | F31: CEPILLO CON CERDAS EN NYLON EN LINEA RECTA CON AGARRE EN DOBLE EXTREMO PARA AJUSTAR EN MANO | G31: UNIDAD | H31: 6000 | I31: =+H31*0.19 -> 1140 | J31: =+H31+I31 -> 7140
B32: 8 | C32: 2501909 | D32: 421525 | E32: CUÑAS DE MADERA SURTIDAS | F32: ACCESORIO DESECHABLE DE MADERA PARA PROCEDIMIENTOS DE OPERATORIA PARA ADOSAR MATRICES AL DIENTE | G32: CAJA X 100 A 120 | H32: 23000 | I32: =+H32*0.19 -> 4370 | J32: =+H32+I32 -> 27370
B33: 9 | C33: 2501929 | D33: 42151663 | E33: ENHEBRADORES | F33: PLÁSTICO, DESECHABLE, USO ODONTOLÓGICO | G33: PAQUETE DE 18 A 24 UND | H33: 10000 | I33: =+H33*0.19 -> 1900 | J33: =+H33+I33 -> 11900
B34: 10 | C34: 2501940 | D34: 42151658 | E34: ENJUAGUE ORAL CON CLOHREXIDINA | F34: SOLUCION ANTISÉPTICA BUCAL DE GLUCONATO DE CLORHEXIDINA AL 0.12% . LISTA PARA USO. AMPLIO ESPECTRO MICROBIANO, CONTROL DE PLACA BACTERIANA | G34: FCO DE 900 ml A 2000 ml CON TAPA O VALVULA DOSIFICADORA | H34: 60000 | I34: =+H34*0.19 -> 11400 | J34: =+H34+I34 -> 71400
B35: 11 | C35: 2501943 | D35: 42151627 | E35: ESPONJAS HEMOSTATICA PARA POSTEXODONCIAS | F35: ESPONJA ESTERIL DE USO QUIRURGICO PARA FAVORECER HEMOSTASIA LOCAL DE ORIGEN ANIMAL, VEGETAL O SINTETICO, BIOCOMPATIBLE, ABSORBIBLE, EFECTO DE DEPÓSITO DE LARGA DURACIÓN | G35: FRASCO X 50 UND ó CAJA X 10 UNIDADES (10*10*10) | H35: 110000 | I35: 0 | J35: =+H35+I35 -> 110000 | K35: Se cotiza frasco x 50 unidades
B36: 12 | C36: 2501944 | D36: 42162702 | E36: ESPONJAS DE GASA PARA EXODONCIA | F36: ESPONJAS NO TEJIDAS, CON ABSORBENCIA MAXIMA PARA SITIOS QUIRURGICOS DE EXTRACCION DE CAVIDAD ORAL. | G36: PAQUETE X 200 GASAS | H36: 3500 | I36: =+H36*0.19 -> 665 | J36: =+H36+I36 -> 4165
B37: 13 | C37: 2501944 | D37: 42162702 | E37: OXIDO DE ZINC | F37: POVO BLANCO QUIMICAMENTE PUEO, CONCENTRACION DEL 99%. APROPIADO PARA PREPARAR CEMENTOS DE OBTURACIÓN COMO EUGENOLATO. | G37: FRASCO X 175G | H37: 26000 | I37: 0 | J37: =+H37+I37 -> 26000
B38: 14 | C38: 2501945 | D38: 42311512 | E38: EUGENOL | F38: ES UNA SOLUCIÓN ANESTÉSICA, ANALGÉSICA Y ANTISÉPTICA, APROPIADA PARA PREPARAR CEMENTOS DE OBTURACIÓN COMO EUGENOLATO CON OXIDO DE ZINC Y CEMENTO DE ENDODONCIA . | G38: FRASCO X 15 ML | H38: 16000 | I38: 0 | J38: =+H38+I38 -> 16000
B39: 15 | C39: 2502131 | D39: 42152419 | E39: EYECTORES DE SALIVA | F39: ADITAMENTO CILÍNDRICO EN PLÁSTICO CON REFUERZO METÁLICO COBRIZADO, MALEABLE, CON EMPATE UNIVERSAL A LA UNIDAD ODONTOLÓGICA Y EXTREMO ACTIVO EN FORMA DE BOQUILLA SUAVE ATRAUMÁTICA Y CON ORIFICIOS AMPLIOS | G39: PAQUETE X 100 | H39: 15000 | I39: =+H39*0.19 -> 2850 | J39: =+H39+I39 -> 17850
B40: 16 | C40: 2504002 | D40: 42152460 | E40: GAFAS TRANSPARENTES | F40: PARA PROTECCIÓN OCULAR ANTIEMPAÑANTE, ANTIARAÑAZO, DE POLICARBONATO, TRANSPARENTE. | G40: UNIDAD | H40: 10000 | I40: =+H40*0.19 -> 1900 | J40: =+H40+I40 -> 11900
B41: 17 | C41: 2501096 | D41: 42152004 | E41: HIPOCLORITO DE SODIO AL 5% | F41: HIPOCLORITO DE SODIO PARA IRRIGACIÓN DE CONDUCTOS RADICULARES USO ENDODÓNTICO. | G41: FRASCO X GALON IGUAL A 1000 CC | H41: 25000 | I41: 0 | J41: =+H41+I41 -> 25000 | K41: SE AJUSTA PRECIO
B42: 18 | D42: 421522 | E42: ARTICAINA 4% CON EPINEFRINA | F42: ANESTÉSICO LOCAL INYECTABLE. CADA CÁRPULA DE 1.8 ML CONTIENE LIDOCAÍNA CLORHIDRATO AL 4% CON EPINEFRINA AL 1:100.000, ESTÉRIL. | G42: CAJA X 50 CÁRPULAS DE 1.8 ML | H42: 90000 | I42: 0 | J42: =+H42+I42 -> 90000
B43: 19 | C43: 2501114 | D43: 421522 | E43: LIDOCAINA 2% CON EPINEFRINA | F43: ANESTÉSICO LOCAL INYECTABLE. CADA CÁRPULA DE 1.8 ML CONTIENE LIDOCAÍNA CLORHIDRATO AL 2% CON EPINEFRINA AL 1:80.000, ESTÉRIL. | G43: CAJA X 50 CÁRPULAS DE 1.8 ML | H43: 88000 | I43: 0 | J43: =+H43+I43 -> 88000
B44: 20 | D44: 42151681 | E44: MEPIVACAINA 3% SIN EPINEFRINA | F44: ANESTÉSICO LOCAL INYECTABLE. CADA CÁRPULA DE 1.8 ML, CONTIENE MEPIVACAINA CLOHIDRATO 0, 054 G ESTÉRIL | G44: CAJA X 50 CÁRPULAS DE 1.8 ML | H44: 90000 | I44: 0 | J44: =+H44+I44 -> 90000
B45: 21 | D45: 42151681 | E45: LOSETA DE VIDRIO | F45: EXTREMOS Y BORDES ROMOS, GROSOR DE 7 MM a 10 MM | G45: UNIDAD | H45: 8000 | I45: =+H45*0.19 -> 1520 | J45: =+H45+I45 -> 9520
B46: 22 | C46: 2502059 | D46: 42151628 | E46: PASTA PARA PROFILAXIS | F46: PASTA PARA PROFILAXIS , PASTA SUAVE, DE BASE HIDROSOLUBLE. | G46: TUBO X 50 GR | H46: 13000 | I46: 0 | J46: =+H46+I46 -> 13000
B47: 23 | C47: 2502915 | D47: 42151909 | E47: PIEDRA POMEZ | F47: POLVO DE PIEDRA PÓMEZ UTILIZADA EN LIMPIEZAS DENTALES | G47: BOLSA X LIBRA | H47: 5000 | I47: =+H47*0.19 -> 950 | J47: =+H47+I47 -> 5950
B48: 24 | C48: 2502070 | D48: 42152407 | E48: PUNTAS PARA CAVITRON (TIPO DE INSERTO DE 25 KHZ | F48: PUNTA METÁLICA CUYA PARTE ACTIVA VIENE DE DIFERENTE ESPECIFICACIÓN, MANGO PLÁSTICO, ACOPLE A DISPOSITIVO DEL ULTRASONIDO O CAVITRÓN, FSI-10 AUTOCLAVABLE CON IRRIGACIÓN INTERNA. | G48: UNIDAD | H48: 270000 | I48: =+H48*0.19 -> 51300 | J48: =+H48+I48 -> 321300
B49: 25 | C49: 2502081 | D49: 42151636 | E49: REVELADOR DE PLACA BACTERIANA | F49: LIQUIDO CON SUSTANCIA QUE TIÑE LA PLACA BACTERIANA ( ERITROSINA) | G49: FRASCO X 10 ML | H49: 15000 | I49: =+H49*0.19 -> 2850 | J49: =+H49+I49 -> 17850
B50: 26 | C50: 2584750 | D50: 42151904 | E50: SEDA DENTAL | F50: SEDA DENTAL SIN SABOR QUE PERMITA LA LIMPIEZA ADECUADA EN ESPACIOS INTERPROXIMALES. | G50: ROLLO X 400 MTS | H50: 10000 | I50: =+H50*0.19 -> 1900 | J50: =+H50+I50 -> 11900
B51: 27 | C51: 2500258 | D51: 42152010 | E51: PORTAMATRIZ | F51: INSTRUMENTO METALICO EN CUYA PARTE ACTIVA SE COLOCA LA BANDA MATRIZ PARA PODER SER ACOPLADA AL DIENTE. | G51: UNIDAD | H51: 13000 | I51: =+H51*0.19 -> 2470 | J51: =+H51+I51 -> 15470
B52: 28 | C52: 2501943 | D52: 42151627 | E52: ESPEJOS DE BOCA CON MANGO | F52: ESPEJO N°5 Y MANGO PARA BOCA EN ACERO QUIRURGICO AUTOCLAVABLE. LUNA CON REVESTIMIENTO DE RODIO, SUPERFICIE FRONTAL, REDONDO Y ANGULACION 30°, CON ROSCA UNIVERSAL. MANGO ERGONOMICO Y TEXTURIZADO, CON ROSCA UNIVERSAL. | G52: UNIDAD | H52: 8000 | I52: =+H52*0.19 -> 1520 | J52: =+H52+I52 -> 9520
B53: 29 | C53: 2501943 | D53: 42151627 | E53: ESPEJO DE BOCA SIN MANGO | F53: LUNA DE ESPEJO PARA BOCA N° 5 EN ACERO QUIRURGICO AUTOCLAVABLE CON REVESTIMIENTO DE RODIO. SUPERFICIE FRONTAL, REDONDO. ANGULACION 30°. CON ROSCA UNIVERSAL. | G53: UNIDAD | H53: 3000 | I53: =+H53*0.19 -> 570 | J53: =+H53+I53 -> 3570
B54: 30 | C54: 2500875 | D54: 42151667 | E54: EXPLORADOR DOBLE EXTREMO | F54: INTRUMENTO METÁLICO, CON PUNTA AGUDA PARA DETERMINAR REBLANDECIMIENTO DEL TEJIDO DENTAL. | G54: UNIDAD | H54: 8000 | I54: =+H54*0.19 -> 1520 | J54: =+H54+I54 -> 9520
B55: 31 | C55: 2500804 | D55: 42151619 | E55: CUCHARILLA DOBLE EXTREMO | F55: INSTRUMENTO METÁLICO DE DOBLE EXTREMO, LA HOJA EN FORMA DE SEMICIRCULO CON BORDE CORTANTE, CON CONVEXIDAD EXTERNA Y CONCAVIDAD INTERNA SEMEJANDO UNA CUCHARA. | G55: UNIDAD | H55: 8000 | I55: =+H55*0.19 -> 1520 | J55: =+H55+I55 -> 9520
B56: 32 | C56: 2583852 | D56: 42151619 | E56: PINZA ALGODONERA | F56: INSTRUMENTO METÁLICO ANGULADO CON CARA INTERNA ESTRIADA TRANSVERSALMENTE PARA MEJOR AGARRE | G56: UNIDAD | H56: 7000 | I56: =+H56*0.19 -> 1330 | J56: =+H56+I56 -> 8330
B57: 33 | C57: 2505136 | D57: 42151629 | E57: CURETAS GRACEY 3/4 | F57: MANGO ERGONÓMICO ANCHO, HOJAS CON UN SOLO BORDE CORTANTE Y 70 GRADOS DE ANGULACIÓN PARA ALISADO RADICULAR PARA ALISADO RADICULAR EN INCISIVOS Y CANINOS DE LA REGIÓN ANTERIOR | G57: UNIDAD | H57: 8000 | I57: =+H57*0.19 -> 1520 | J57: =+H57+I57 -> 9520
B58: 34 | C58: 2500568 | D58: 42151629 | E58: CURETAS GRACEY 7/8 | F58: MANGO ERGONÓMICO ANCHO, HOJAS CON UN SOLO BORDE CORTANTE Y 70 GRADOS DE ANGULACIÓN PARA ALISADO RADICULAR EN SUPERFICIES BUCAL Y LINGUAL. | G58: UNIDAD | H58: 8000 | I58: =+H58*0.19 -> 1520 | J58: =+H58+I58 -> 9520
... B60: 36 | C60: 2500573 | D60: 42151629 | E60: CURETAS GRACEY 13/14 | F60: MANGO ERGONÓMICO ANCHO, HOJAS CON UN SOLO BORDE CORTANTE Y 70 GRADOS DE ANGULACIÓN PARA ALISADO RADICULAR PARA ALISADO RADICULAR EN SUPERFICIES DISTALES EN POSTERIORES. | G60: UNIDAD | H60: 8000 | I60: =+H60*0.19 -> 1520 | J60: =+H60+I60 -> 9520
B61: 37 | D61: 42152805 | E61: RETRACTOR MINESSOTA 14 a 15 cm | F61: SEPARADOR DE MEJILLA, LENGUA O COLGAJOS DE LONGITUD DE 15 CM, DOBLE EXTEMO UNO ANCHO Y OTRO FINO | G61: UNIDAD | H61: 19000 | I61: =+H61*0.19 -> 3610 | J61: =+H61+I61 -> 22610
B62: 38 | D62: 42152805 | E62: CURETA DE LUCAS | F62: CURETA ALVEOLAR TIPO LUCAS O EQUIVALENTE FUNCIONAL, DOBLE EXTREMA, FABRICADA EN ACERO INOXIDABLE QUIRURGICO, ESTERILIZABLE EN AUTOCLAVE, LONGITUD ENTRE 16 Y 18 CM. MANGO ANATOMICO CON SUPERFICIE ANTIDESLIZANTE. | G62: UNIDAD | H62: 8000 | I62: =+H62*0.19 -> 1520 | J62: =+H62+I62 -> 9520
B63: 39 | D63: 42152805 | E63: TIJERAS DE TEJIDOS | F63: INSTRUMENTO QUIRURGICO PARA CORTE Y DISECCION DE TEJIDOS BLANDOS FABRICADA EN ACERO INOXIDABLE RESISTENTE A LA CORROSIÓN, ESTERILIZABLE EN AUTOCLAVE, DISEÑO RECTO, HOJAS FINAS DE ALTA PRECISIÓN, LONGITUD TOTAL ENTRE 11CM A 15CM | G63: UNIDAD | H63: 8000 | I63: =+H63*0.19 -> 1520 | J63: =+H63+I63 -> 9520
B64: 40 | D64: 42152805 | E64: JERINGA CARPULE | F64: INSTRUMENTO PARA LA ADMINISTRACION DE ANESTESIA LOCAL MEDIANTE CARTUCHOS ODONTOLOGICOS ESTANDAR DE 1.8ML, FABRICADA EN ACERO INOXIDABLE RESISTENTE A LA CORROSION, ESTERILIZABLE EN AUTOCLAVABLE, SISTEMA ASPIRANTE TIPO ARPON, COMPATIBLE CON AGUJAS ODONTOLOGICAS CORTAS Y LARGAS DE ROSCA UNIVERSAL. DISEÑO ERGONOMICO QUE PERMITA CONTROL Y ESTABILIDAD | G64: UNIDAD | H64: 36000 | I64: =+H64*0.19 -> 6840 | J64: =+H64+I64 -> 42840
B65: 41 | D65: 42152805 | E65: PINZA MOSQUITO CURVA | F65: INSTRUMENTO QUIRURGICO DE HEMOSTASIA PARA PINZAMIENTO DE VASOS SANGUINEOS PEQUEÑOS Y TEJIDOS DELICADOS FABRICADA EN ACERO INOXIDABLE, ESTERILIZABLE EN AUTOCLAVE, DISEÑO CURVO , PARTE ACTIVA FINA CON ESTRIAS TRANSVERSALES COMPELTAS, SISTEMA DE CIERRE MEDIANTE CREMALLERA LONGITUD DE 12CM A 14CM. | G65: UNIDAD | H65: 12000 | I65: =+H65*0.19 -> 2280 | J65: =+H65+I65 -> 14280
B66: 42 | D66: 42152805 | E66: PINZA MOSQUITO RECTA | F66: INSTRUMENTO QUIRURGICO DE HEMOSTASIA PARA PINZAMIENTO DE VASOS SANGUINEOS PEQUEÑOS Y TEJIDOS DELICADOS FABRICADA EN ACERO INOXIDABLE, ESTERILIZABLE EN AUTOCLAVE, DISEÑO RECTO, PARTE ACTIVA FINA CON ESTRIAS TRANSVERSALES COMPELTAS, SISTEMA DE CIERRE MEDIANTE CREMALLERA LONGITUD DE 12CM A 14CM. | G66: UNIDAD | H66: 12000 | I66: =+H66*0.19 -> 2280 | J66: =+H66+I66 -> 14280
B67: 43 | D67: 42152805 | E67: PORTAAGUJAS TIPO MAYO-HEGAR | F67: INSTRUMENTO PARA SUJECIÓN Y MANIPULACION DE AGUJAS DE SUTURA FABRICADO EN ACERO INOXIDABLE, ESTERILIZABLE EN AUTOCLAVE, MORDAZAS RECTAS CON ESTRIADO INTERNO PARA AGARRE SEGURO, SISTEMA DE CIERRE MEDIANTE CREMALLERA, DISEÑO ERGONOMICO, LONGITUD DE 14CM A 16CM. | G67: UNIDAD | H67: 9000 | I67: =+H67*0.19 -> 1710 | J67: =+H67+I67 -> 10710
B68: 44 | D68: 42152805 | E68: SONDA CAROLINE | F68: INSTRUMENTO EN ACERO INOXIDABLE ESTERILIZABLE EN AUTOCLAVE, PUNTA ROMA ATRAUMATICA, GRADUACION MILIMETRICA CONTINUA DE 1 A 15MM. MANGO ERGONOMMICO ANTIDESLIZANTE | G68: UNIDAD | H68: 95000 | I68: =+H68*0.19 -> 18050 | J68: =+H68+I68 -> 113050
B69: 45 | D69: 42152805 | E69: ELEVADOR BANDERA | F69: INSTRUMENTO FABRICADO EN ACERO INOXIDABLE QUIRURGICO DE ALTA CALIDAD Y ESTERILIZACION EN AUTOCLAVE VERSION DERECHO E IZQUIERDO CARACTERIZADO POR PUNTA TRIANGULAR ANGULADA Y AFILADA, MANGO ERGONOMICO. | G69: UNIDAD | H69: 92000 | I69: =+H69*0.19 -> 17480 | J69: =+H69+I69 -> 109480
B70: 46 | D70: 42152805 | E70: CASTROVIEJO | F70: PORTAGUJAS CASTROVIEJO CURVO, ELABORACION EN ACERO INOXIDABLE QUIRURGICO O CON INSERTOS DE CARBURO EN TUNGSTENOS EN LA PUNTA COMPATIBLES CON AGUJAS 4-0, 5-0,6-0, ESTERILIZABLE EN AUTOCLAVE, MANGO DORADO QUE PRESENTA UN RELIEVE PIRAMIDA, DOBLE ALAS. | G70: UNIDAD | H70: 170000 | I70: =+H70*0.19 -> 32300 | J70: =+H70+I70 -> 202300
B71: 47 | C71: 2500574 | D71: 42151629 | E71: HEMOSTATICO | F71: GEL DE SULFATO FERRICO AL 20 % O CLORURO DE ALUMINIO AL 25% PARA CONTROL DE PEQUEÑOS SANGRADOS DURANTE PROCESOS OPERATORIOS DENTALES | G71: JERINGA 1.2 ML -12 a 39.6 GRAMOS | H71: 212000 | I71: 0 | J71: =+H71+I71 -> 212000
B72: 48 | C72: 2502924 | D72: 42152702 | E72: CANULA QUIRURGICA PLÁSTICA | F72: CANULAS MOLDEADAS UNIVERSALES PARA ASPIRADOR QUIRURGICO, ESTERILIZABLES EN AUTOCLAVE PLASTICAS | G72: UNIDAD | H72: 4000 | I72: =+H72*0.19 -> 760 | J72: =+H72+I72 -> 4760
B73: 49 | D73: 42151911 | E73: PUNTA PARA JERINGA TRIPLE | F73: PUNTA PARA IRRIGACIÓN DE UNIDAD ODONTOLÓGICA, UNIVERSAL ESTERILIZABLE, ACOPLE UNIVERSAL ACERO INOXIDABLE UND | G73: UNIDAD | H73: 11000 | I73: =+H73*0.19 -> 2090 | J73: =+H73+I73 -> 13090
B74: 50 | C74: 2501269 | D74: 42152400 | E74: AGUJAS CORTAS DESECHABLES CALIBRE NO.30 | F74: PUNTA TRIBISELADA Y SILICONADA, ATRAUMÁTICA, ACOPLE HERMÉTICO, EMPAQUE INDIVIDUAL, CALIBRE 30 ENTRE 12 A 25 MM, EMPATE UNIVERSAL CON JERINGA CARPULE. | G74: CAJA X 100 UND | H74: 26000 | I74: =+H74*0.19 -> 4940 | J74: =+H74+I74 -> 30940
B75: 51 | C75: 2502129 | D75: 42142502 | E75: AGUJAS LARGAS DESECHABLES CALIBRE NO. 27 | F75: PUNTA TRIBISELADA Y SILICONADA, ATRAUMÁTICA, ACOPLE HERMÉTICO, EMPAQUE INDIVIDUAL, CALIBRE 27 ENTRE 30 Y 41 MM, EMPATE UNIVERSAL CON LA JERINGA CARPULE. | G75: CAJA X 100 UND | H75: 26000 | I75: =+H75*0.19 -> 4940 | J75: =+H75+I75 -> 30940
B76: 52 | C76: 2502130 | D76: 42142502 | E76: ALGODÓN ODONTOLOGICO TACOS | F76: ROLLOS 100% ALGODÓN, PARA USO ODONTOLÓGICO, INSOLUBLE EN LOS FLUIDOS ORGÁNICOS,BUENA CAPACIDAD DE ABSORCIÓN DE FLUIDOS BUCALES | G76: PAQUETE X 1000 UNIDADES | H76: 26000 | I76: 0 | J76: =+H76+I76 -> 26000
I77: =+H77*0.19 -> 0 | J77: =+H77+I77 -> 0
B78: 53 | C78: 2501054 | D78: 42152507 | E78: ANESTESIA TOPICA SPRAY | F78: LIDOCAÍNA BASE DE 10 GR. CON VÁLVULA DOSIFICADORA Y CÁNULA DE APLICACIÓN. ANESTÉSICO LOCAL DE SUPERFICIE PARA PIEL Y MUCOSAS. | G78: FRASCO X 80 GRS | H78: 87000 | I78: 0 | J78: =+H78+I78 -> 87000
B79: 54 | C79: 1128730 | D79: 42151681 | E79: FRESA ZECRIA | F79: FRESA DE CARBURO DE TUNGSTENO QUIRÚRGICA, CORTE LATERAL Y CUENTA CON 6 HOJAS DE CORTE HELICOIDALES. UTILIZADA PARA SECCIONAR DIENTES. | G79: UNIDAD | H79: 38000 | I79: =+H79*0.19 -> 7220 | J79: =+H79+I79 -> 45220
B80: 55 | C80: 2501981 | D80: 42151614 | E80: FRESAS QUIRURGICAS TALLO LARGO REF 701 | F80: FRESA DE CARBURO -TUNGSTENO DE TALLO LARGO PARA PIEZA DE BAJA VELOCIDAD – PIEZA RECTA, RESISTENTE A LA CORROSIÓN. REFERENCIA | G80: UNIDAD | H80: 19000 | I80: =+H80*0.19 -> 3610 | J80: =+H80+I80 -> 22610
B81: 56 | C81: 2501976 | D81: 42151614 | E81: FRESAS QUIRURGICAS TALLO LARGO REF. 702 | F81: FRESA CARBURO - TUNGSTENO DE TALLO LARGO PARA PIEZA DE BAJA VELOCIDAD RESISTENTE A LA CORROSIÓN. | G81: UNIDAD | H81: 19000 | I81: =+H81*0.19 -> 3610 | J81: =+H81+I81 -> 22610
B82: 57 | C82: 2501981 | D82: 42151614 | E82: FRESAS QUIRURGICAS TALLO LARGO REF 703 | F82: FRESA DE CARBURO -TUSGSTENO DE TALLO LARGO PARA PIEZA DE BAJA VELOCIDAD, RESISTENTE A LA CORROSIÓN. | G82: UNIDAD | H82: 19000 | I82: =+H82*0.19 -> 3610 | J82: =+H82+I82 -> 22610
B83: 58 | C83: 2501981 | D83: 42151614 | E83: FRESAS QUIRURGICAS TALLO LARGO REF 8 | F83: FRESA DE CARBURO -TUSGSTENO DE TALLO LARGO PARA PIEZA DE BAJA VELOCIDAD, RESISTENTE A LA CORROSIÓN. | G83: UNIDAD | H83: 19000 | I83: =+H83*0.19 -> 3610 | J83: =+H83+I83 -> 22610
B84: 59 | C84: 2501981 | D84: 42151614 | E84: ACEITE SPRAY PIEZA DE MANO | F84: ACEITE LUBRICANTE EN SPRAY PARA PIEZA DE ALTA Y BAJA VELOCIDAD CON AGENTE DE PROPULSIÓN INDIVIDUAL NO CONTAMINANTE, CON PROPELENTE ECOLÓGICO. | G84: FCO X 500-550 ML | H84: 70000 | I84: =+H84*0.19 -> 13300 | J84: =+H84+I84 -> 83300
B85: 60 | D85: 421525 | E85: ALCOHOL INDUSTRIAL | F85: ALCOHOLES DESDE 80% HASTA 90%. | G85: BOT X 720 A 750 ML | H85: 14000 | I85: =+H85*0.19 -> 2660 | J85: =+H85+I85 -> 16660
B86: 61 | D86: 42152013 | E86: PUNTAS PARA SCALER | F86: EN ACERO INOXIDABLE MEDICO O ALEACION DE TITANIO, ESTERILIZABLE EN AUTOCLAVE, COMPATIBLE CON EQUIPOS ULTRASONICOS FROGET. REFERENCIAS: G1-S/GD1 – G4-S/GD4 | G86: UNIDAD | H86: 90000 | I86: =+H86*0.19 -> 17100 | J86: =+H86+I86 -> 107100
B87: 62 | D87: 42152013 | E87: PUNTAS PARA SCALER | F87: EN ACERO INOXIDABLE MEDICO O ALEACION DE TITANIO, ESTERILIZABLE EN AUTOCLAVE, COMPATIBLE CON EQUIPOS ULTRASONICOS WOODPECKER. REFERENCIAS: G1 - G2 - G4 - P4 - P5 - PD1T - ED1T. | G87: UNIDAD | H87: 94000 | I87: =+H87*0.19 -> 17860 | J87: =+H87+I87 -> 111860
B88: 63 | D88: 42152013 | E88: PUNTAS PARA SCALER | F88: EN ACERO INOXIDABLE MEDICO O ALEACION DE TITANIO, ESTERILIZABLE EN AUTOCLAVE, COMPATIBLE CON EQUIPOS ULTRASONICOS NSK. REFERENCIAS: PUNTAS: G1 - G4-G6 - G8 | G88: UNIDAD | H88: 94000 | I88: =+H88*0.19 -> 17860 | J88: =+H88+I88 -> 111860
B89: 64 | D89: 42152013 | E89: PUNTAS PARA SCALER | F89: EN ACERO INOXIDABLE MEDICO O ALEACION DE TITANIO, ESTERILIZABLE EN AUTOCLAVE, COMPATIBLE CON EQUIPOS NSK NEUMATICO. REFERENCIAS: PUNTAS: G1 - G4-G6 - G8 | G89: UNIDAD | H89: 94000 | I89: =+H89*0.19 -> 17860 | J89: =+H89+I89 -> 111860
B90: 65 | D90: 42152013 | E90: PUNTAS PARA SCALER | F90: EN ACERO INOXIDABLE MEDICO O ALEACION DE TITANIO, ESTERILIZABLE EN AUTOCLAVE, COMPATIBLE CON EQUIPOS ULTRASONICOS DTE ULTRASONIC D5. REFERENCIAS: PUNTAS: GD1 Y GD1T, PD1 Y PD1T | G90: UNIDAD | H90: 94000 | I90: =+H90*0.19 -> 17860 | J90: =+H90+I90 -> 111860
B91: 66 | C91: 2501981 | D91: 42151614 | E91: PETROLATO | F91: PURO, SUAVE, BARRERA PROTECTORA CONTRA AGENTES IRRITANTES | G91: FRASCO X ENTRE 100 Y 105 GR APROX | H91: 6000 | I91: =+H91*0.19 -> 1140 | J91: =+H91+I91 -> 7140
B92: 67 | D92: 42152465 | E92: ACRILICO AUTOCURADO LIQUIDO | F92: METIL METACRILATO | G92: FRASCO X 250 ML | H92: 22000 | I92: =+H92*0.19 -> 4180 | J92: =+H92+I92 -> 26180
B93: 68 | D93: 42152500 | E93: KIT FRESAS PARA PERIODONCIA | F93: FRESAS DIAMANTADAS DE PERIODONCIA, PARA ODONTOPLASTIA Y PULIDO RADICULAR MECÁNICOS | G93: KIT | H93: 260000 | I93: =+H93*0.19 -> 49400 | J93: =+H93+I93 -> 309400
B94: 69 | D94: 42151627 | E94: SUTURA | F94: SUTURA QUIRÚRGICA, ESTÉRIL, ABSORBIBLE, SINTÉTICA, COMPUESTA POR UN COPOLÍMERO HECHO DE 90% DE GLICOLIDA Y 10% DE L-LACTIDA, MULTIFILAMENTO Y RECUBIERTA 4-0 Y 5-0 DE 45CM A 70 CM AGUJA 3/8 DE CIRCULO DE LONGITUD 16MM A 19 MM. | G94: CAJA x 12 UNIDADES | H94: 40000 | I94: 0 | J94: =+H94+I94 -> 40000
B95: 70 | D95: 42151627 | E95: SUTURA | F95: SUTURA QUIRURGICA NO ABSORBIBLE, SINTETICA, MONOFILAMENTO DE POLIAMIDA, ESTERIL MONTADO EN AGUJA ATRAUMATICA DE ACERI INOXIDABLE. MUY RESISTENTE 4-0 o 5-0. LONGITUD DE HEBRA DE 45 A 90 CMA. AGUJA CURVA 3/8 DE CIRCULO DE LONGITUD 16MM A 19 MM. | G95: CAJA X 12 UNIDADES | H95: 40000 | I95: 0 | J95: =+H95+I95 -> 40000
B96: 71 | D96: 42152805 | E96: ABREBOCAS CON PROTECTOR DE LENGUA | F96: FABRICADO EN SILICONA DE DIFERENTES DENSIDAD Y CLASIFICADO POR COLORES QUE MANTIENE ABIERTA LA BOCA DEL PACIENTE DURANTE UN PERÍODO DE TIEMPO PROLONGADO SIN CAUSAR INCOMODIDAD. CON UN PROTECTOR DE LENGUA INTERCAMBIABLE PREVIENE QUE LA LENGUA O UN CIERRE IMPREVISTO DE LA BOCA CAUSEN CONTAMINACIÓN. PROTEGE LA LENGUA DE LOS INSTRUMENTOS ROTATORIOS. AUTOCLAVABLE | G96: UNIDAD | H96: 6500 | I96: =+H96*0.19 -> 1235 | J96: =+H96+I96 -> 7735
B97: 72 | D97: 42152457 | E97: CEMENTO QUIRURGICO | F97: BASE Y CATALIZADOR, PASTA PARA PROTECCION POSTQUIRURGICO, FACIL DE MOLDEAR, ESTABLE, SUAVE, COHESIVO, DE UNA DUREZA ELASTICA SIN EUGENOL NI ASBESTO | G97: KIT X BASE DE 90 GRS Y CATALIZADOR POR 90 GRS | H97: 450000 | I97: 0 | J97: =+H97+I97 -> 450000
B98: 73 | C98: 2503485 | D98: 53131504 | E98: FIJADOR RADIOGRAFICO | F98: FIJADOR PARA EL PROCESO DE REVELADO MANUAL DE PELÍCULA DE RAYOS X DENTAL | G98: FRASCO 450ML a 500ML | H98: =35000/2 -> 17500 | I98: =+H98*0.19 -> 3325 | J98: =+H98+I98 -> 20825 | K98: Kit x 2 Unidades
B99: 74 | C99: 2502916 | D99: 42152014 | E99: REVELADOR RADIOGRAFICO | F99: REVELADOR RADIOGRÁFICO PARA EL PROCESO DE REVELADO MANUAL DE PELÍCULAS RADIOGRÁFICAS. | G99: FRASCO 450ML a 500ML | H99: 17500 | I99: =+H99*0.19 -> 3325 | J99: =+H99+I99 -> 20825
B100: 75 | C100: 2500110 | D100: 42151803 | E100: PELICULAS PERIAPICALES PEDIATRICAS | F100: PELÍCULA INTRAORAL EN ENVASE INDIVIDUAL DE VINILO | G100: CAJA X 100 | H100: 380000 | I100: =+H100*0.19 -> 72200 | J100: =+H100+I100 -> 452200
B101: 76 | C101: 2500252 | D101: 42152010 | E101: PELICULAS PERIAPICALES ADULTO | F101: PELÍCULA INTRAORAL EN ENVASE INDIVIDUAL DE VINILO | G101: CAJA X 150 | H101: 285000 | I101: =+H101*0.19 -> 54150 | J101: =+H101+I101 -> 339150
B102: 77 | D102: 42152805 | E102: FUNDA O PROTECTOR PARA RADIOVISOGRAFO | F102: FORRO O CUBIERTA PLASTICA DESECHABLE PARA RADIOVISOGRAFO | G102: CAJA X 200 A 500 UNIDADES | H102: 800000 | I102: =+H102*0.19 -> 152000 | J102: =+H102+I102 -> 952000 | K102: Caja x 200
B103: 78 | E103: CORTAFRIO | F103: INSTRUMENTO PARA CORTE PRECISO Y SEGURO DE BANDAS Y ARCOS EN ALAMBRE METALICO DENTRO O FUERA DE LA CAVIDAD, SOPORTANDO CALIBRES HASTA 1,3MM (APARATOS DE ORTOPEDIA - ORTODONCIA) EN ACERO INOXIDABLE DE ALTA CALIDAD, PUNTAS CON MAYOR DUREZA Y DURABILIDAD CON INSERCIONES DE CARBURO DE TUNGSTENO O PUNTAS DE ACERO ENDURECIDO, AUTOCLAVABLE. LONGITUD ESTANDAR ENTRE 13 Y 16 CM. ERGONOMICO | G103: UNIDAD | H103: 350000 | I103: =+H103*0.19 -> 66500 | J103: =+H103+I103 -> 416500 | K103: SE AJUSTO VALOR ACUERDO ESPECIFICACIONES TECNICAS
G104: Total Cotizacion Grupo No. 3 | J104: =SUM(J25:J103) -> 6072405
B107: Cordialmente,
B113: Ligia Garzon Bustos
B114: Representante Legal
B115: Dental Nader S.A.S.
B116: Nit. 900.486.577-8

Sheet GRUPO 4 HIGIENE ORAL
F5: =+'GRUPO 3 INSUMOS VARIOS'!F7 -> COTIZACION CO-25-DIFSA-DISAN-ARC-2026
A9: FECHA: | D9: Junio 27 de 2026
A10: EMPRESA: | D10: DENTAL NADER S.A.S
A11: REPRESENTANTE LEGAL: | D11: Ligia Garzon Bustos
A12: NIT: | D12: 900.486.577-8
A13: DIRECCION: | D13: Carrera 47 # 123 A -09
A14: TELEFONOS Y FAX: | D14: 6199095- Celular 318-5028699
A15: E-MAIL: | D15: licitaciones@dentalnader.com
A16: VIGENCIA COTIZACION: | D16: 60 dias
A18: =+'GRUPO 3 INSUMOS VARIOS'!A19 -> Atendiendo su amable solicitud me permito presentar la cotizacion asi:
A21: “ESPECIFICACIONES TÉCNICAS MÍNIMAS DE OBLIGATORIO CUMPLIMIENTO PARA CONTRATAR”
B23: ITEM | C23: CODIGO SAP | D23: CODIGO | E23: DESCRIPCIÓN | F23: ESPECIFICACIÓN TÉCNICA | G23: PRESENTACIÓN | H23: OFERTA
H24: VALOR UNITARIO | I24: IVA | J24: VALOR TOTAL INCLUIDO IVA
B25: 1 | C25: 2500060 | D25: 42151669 | E25: CEPILLO DENTAL ADULTO | F25: CERDAS TEXTURA MEDIA MANGO ERGONÓMICO ANTIDESLIZANTE PUNTA DIAMANTE CON 4 LÍNEAS DE CERDAS | G25: UNIDAD | H25: 2000 | I25: =+H25*0.19 -> 380 | J25: =+H25+I25 -> 2380
B26: 2 | C26: 2503373 | D26: 13111037 | E26: CREMA DENTAL | F26: MARCA RECONOCIDA. CONTENIDO DE 30 -75 GRAMOS, POR RECOMENDACIÓN DEL MINISTERIO DE SALUD LA PASTA DENTAL CON UN CONTENIDO DE ENTRE 1000 A 1500 PPM (PARTES POR MILLÓN) DE FLÚOR. | G26: UNIDAD | H26: 4000 | I26: =+H26*0.19 -> 760 | J26: =+H26+I26 -> 4760
B27: 3 | E27: BOLSAS INDIVIDUALES TRANSPARENTES | F27: BOLSAS PLASTICAS DE POLIPROPILENO TRANSPARENTES DE ALTA DENSIDAD, LIBRE DE BPA, SELLADO A PRESION O DESLIZANTE DE 15 CM DE ANCHO POR 23 CM DE ALTO, CON LOGO IMPRESO EN PAPEL ADHESIVO PEGADO EN BOLSA. | G27: UNIDAD | H27: 3500 | I27: =+H27*0.19 -> 665 | J27: =+H27+I27 -> 4165
G28: Total Cotizacion Grupo No. 4 | J28: =SUM(J25:J27) -> 11305
B29: Cordialmente,
B33: Ligia Garzon Bustos
B34: Representante Legal
B35: Dental Nader S.A.S.
B36: Nit. 900.486.577-8
